 Dungeon Crawl Stone Soup version 0.30-a0-39-g42789b21ef (webtiles) character file.

Game seed: 9595676064804000819

1293646 Turgor the Conqueror (level 27, 0/270 (273) HPs)
             Began as a Gnoll Warper on Aug 23, 2022.
             Was a High Priest of Ashenzari.
             Killed by dispel undead
             ... invoked by a Tzitzimitl
             ... called by a doom hound
              (50 damage)
             ... on level 7 of Tartarus on Aug 28, 2022.
             The game lasted 21:40:49 (114682 turns).

Turgor the Conqueror (Gnoll Warper)               Turns: 114682, Time: 21:40:50

HP:   0/270 (273)   AC: 66    Str: 28 (29) XL:     27
MP:   7/54          EV: 16    Int: 35 (36) God:    Ashenzari [*****.]
Gold: 13680         SH: 25    Dex: 12      Spells: 2/80 levels left

rFire   + + .      SeeInvis +    I - +8 broad axe "Liberalism of Ashenzari" {flame, Comp, Elem} (curse)
rCold   + + +      Faith    .    f - +1 tower shield "Sun of the Cursed Augur" {Drain rElec Str+4 Int+2, Self, Alch} (curse)
rNeg    + + +      Spirit   .    q - +12 gold dragon scales
rPois   ∞          Reflect  .    G - +5 helmet "Share My Affliction" {rN+ Str+3, Range, Fort} (curse)
rElec   +          Harm     .    k - +4 dragonskin cloak {Comp, Evo} (curse)
rCorr   .          Rampage  .    Y - +2 pair of gloves of the Visionary Dismay {Elem, Comp} (curse)
Will    ++...      Clarity  +    z - +2 pair of boots "Anxiety of Ashenzari" {Bglg, Evo} (curse)
Stlth   ++........               T - amulet of the Ruined Black Moon {Regen+, Self, Fort} (curse)
HPRegen 1.35/turn                M - ring "Stickiness of Ashenzari" {Wiz Will++ Str+4 Int+2, Elem, Comp} (curse)
MPRegen 0.34/turn                a - ring of the Eternal Seer {Str+7 Int+6 SInv, Cun, Self} (curse)

@: lich-form, doom-hounded, studying 6 skills, lightly drained, unable to read,
weak-willed
A: draining attack, torment immunity, no potions, fangs 1, strong nose,
distributed training, talons 1, cold resistance 1, deterioration 1, fire
resistance 1, robust 1, inability to read after injury 1
}: 13/15 runes: decaying, serpentine, slimy, silver, golden, obsidian, icy,
abyssal, demonic, glowing, magical, fiery, dark
a: End Transformation, Renounce Religion, Curse Item, Shatter the Chains


You were on level 7 of Tartarus.
You worshipped Ashenzari.
Ashenzari was extremely pleased with you.
You were an undead lich.
You visited 17 branches of the dungeon, and saw 81 of its levels.
You visited Pandemonium 3 times, and saw 21 of its levels.
You visited the Abyss 14 times.
You completed 1 ziggurat, and saw 27 of its levels.
You also visited: Ice Cave and Wizlab.

You collected 18987 gold pieces.
You spent 5307 gold pieces at shops.

Inventory:

Hand Weapons
 d - the +10 morningstar of Instant Death {freeze, MP+9 Str+2}
   (You found it on level 7 of Gehenna)

   It freezes those it strikes, dealing additional cold damage.
   It can also slow down cold-blooded creatures.
   Str:       It affects your strength (+2).
   MP:        It affects your magic capacity (+9).
 A - the +7 sceptre of Asmodeus
   (You took it off Asmodeus on level 7 of Gehenna)

   It can be evoked to summon fiery demons, with success rate depending on
   Evocations skill.
   Those summoned this way will remain friendly only for a limited time.
 I - the cursed +8 broad axe "Liberalism of Ashenzari" (weapon) {flame, Comp, Elem}
   (You took it off Maggie on level 2 of the Lair of Beasts)

   It burns those it strikes, dealing additional fire damage.
   Big, fiery blades are also staple armaments of hydra-hunters.
   It has a curse which improves the following skills: Companions: Summonings
   and Necromancy.
   Elements:  Fire Magic, Ice Magic, Air Magic and Earth Magic.
Missiles
 c - 13 silver boomerangs
 w - 34 boomerangs (quivered)
 W - 27 silver javelins
Armour
 f - the cursed +1 tower shield "Sun of the Cursed Augur" (worn) {Drain rElec Str+4 Int+2, Self, Alch}
   (You took it off Louise on level 3 of the Elven Halls)

   Str:       It affects your strength (+4).
   Int:       It affects your intelligence (+2).
   rElec:     It insulates you from electricity.
   Drain:     It drains your maximum health when unequipped.
   It has a curse which improves the following skills: Introspection: Fighting
   and Spellcasting.
   Alchemy:   Poison Magic and Transmutations.
 k - the cursed +4 dragonskin cloak (worn) {Comp, Evo}
   (You took it off Tiamat on level 2 of the Realm of Zot)

   It grants the wearer a chance to resist fire, cold, poison, electricity,
   acid, and negative energy.
   It has a curse which improves the following skills: Companions: Summonings
   and Necromancy.
   Evocations: Evocations.
 q - +12 gold dragon scales (worn)
 s - the +3 pair of seven-league boots {Rampage+∞}
   (You found it on level 20 of a ziggurat)

   Its wearer moves as far as possible in that direction when moving towards
   enemies.
 z - the cursed +2 pair of boots "Anxiety of Ashenzari" (worn) {Bglg, Evo}
   (You found it on level 2 of the Crypt)

   It has a curse which improves the following skills: Beguiling: Conjurations,
   Hexes and Translocations.
   Evocations: Evocations.
 G - the cursed +5 helmet "Share My Affliction" (worn) {rN+ Str+3, Range, Fort}
   (You acquired it on level 1 of the Depths)

   Str:       It affects your strength (+3).
   rN:        It protects you from negative energy.
   It has a curse which improves the following skills: Ranged Combat: Ranged
   Weapons and Throwing.
   Fortitude: Armour and Shields.
 N - the +8 shadow dragon scales of Heojiu {Rampage rF+ rC+ Stlth++++}
   (You found it on level 9 of a ziggurat)

   rF:        It protects you from fire.
   rC:        It protects you from cold.
   Rampage:   It bestows one free step when moving towards enemies.
   Stlth:     It makes you much more stealthy.
 Y - the cursed +2 pair of gloves of the Visionary Dismay (worn) {Elem, Comp}
   (You found it on level 1 of the Crypt)

   It has a curse which improves the following skills: Elements: Fire Magic, Ice
   Magic, Air Magic and Earth Magic.
   Companions: Summonings and Necromancy.
Jewellery
 a - the cursed ring of the Eternal Seer (right hand) {Str+7 Int+6 SInv, Cun, Self}
   (You took it off a kobold on level 9 of the Dungeon)

   [ring of intelligence]

   Str:       It affects your strength (+7).
   Int:       It affects your intelligence (+6).
   SInv:      It lets you see invisible.
   It has a curse which improves the following skills: Cunning: Dodging and
   Stealth.
   Introspection: Fighting and Spellcasting.
 m - the dreamshard necklace {*Dream Drain}
   (You found it on level 24 of a ziggurat)

   [amulet of nothing]

   It shatters if its wearer takes lethal or near-lethal damage, preventing the
   blow and releasing protective dreams that heal and fight for the wearer.
   Drain:     It drains your maximum health when unequipped.
 t - the amulet "Quckischomm" {Reflect Str+3 Int+2 SH+5 SInv}
   (You found it on level 22 of a ziggurat)

   [amulet of reflection]

   It reflects blocked missile attacks.
   Str:       It affects your strength (+3).
   Int:       It affects your intelligence (+2).
   SInv:      It lets you see invisible.
   SH:        It affects your SH (+5).
 H - the ring "Voyrurhu" {Will+ AC+4}
   (You took it off a balrug on level 7 of Gehenna)

   [ring of protection]

   AC:        It affects your AC (+4).
   Will:      It increases your willpower.
 M - the cursed ring "Stickiness of Ashenzari" (left hand) {Wiz Will++ Str+4 Int+2, Elem, Comp}
   (You found it on level 3 of the Lair of Beasts)

   [ring of wizardry]

   It improves your spell success rate.
   Str:       It affects your strength (+4).
   Int:       It affects your intelligence (+2).
   Will:      It greatly increases your willpower.
   It has a curse which improves the following skills: Elements: Fire Magic, Ice
   Magic, Air Magic and Earth Magic.
   Companions: Summonings and Necromancy.
 T - the cursed amulet of the Ruined Black Moon (around neck) {Regen+, Self, Fort}
   (You found it on level 11 of the Dungeon)

   [amulet of regeneration]

   Regen:     It increases your rate of health regeneration.
   It has a curse which improves the following skills: Introspection: Fighting
   and Spellcasting.
   Fortitude: Armour and Shields.
Wands
 i - a wand of mindburst (28)
 J - a wand of digging (17)
 L - a wand of quicksilver (11)
 V - a wand of roots (37)
Scrolls
 j - 41 scrolls of teleportation
 l - 15 scrolls of amnesia
 v - 2 scrolls of enchant armour
 y - 27 scrolls of butterflies
 D - 8 scrolls of magic mapping
 E - a scroll of blinking
 U - 8 scrolls of fear
 X - 5 scrolls of summoning
Potions
 e - 14 potions of berserk rage
 g - 9 potions of attraction
 o - 7 potions of might
 p - 20 potions of mutation
 r - 3 potions of brilliance
 u - 7 potions of flight
 x - 7 potions of cancellation
 B - 25 potions of curing
 C - 2 potions of haste
 O - 8 potions of heal wounds
 S - 4 potions of resistance
 Z - 2 potions of magic
Miscellaneous
 b - the horn of Geryon
 h - a phial of floods
 n - a lightning rod (4/4)
 F - a phantom mirror
 K - 2 +1 figurines of a ziggurat
 P - a tin of tremorstones (2/2)
 Q - a box of beasts
 R - a condenser vane


   Skills:
 O Level 27 Fighting
 O Level 27 Short Blades
 O Level 27 Long Blades
 O Level 27 Axes
 O Level 27 Maces & Flails
 O Level 27 Polearms
 O Level 27 Staves
 O Level 27 Ranged Weapons
 O Level 27 Throwing
 O Level 27 Armour
 O Level 27 Dodging
 O Level 27 Stealth
 O Level 27 Shields
 O Level 27 Unarmed Combat
 O Level 27 Spellcasting
 + Level 26.3(27) Conjurations
 + Level 26.3(27) Hexes
 + Level 26.3(27) Summonings
 + Level 26.3(27) Necromancy
 O Level 27 Translocations
 + Level 26.3(27) Transmutations
 O Level 27 Fire Magic
 + Level 26.3(27) Ice Magic
 O Level 27 Air Magic
 + Level 26.3(27) Earth Magic
 + Level 26.3(27) Poison Magic
 O Level 27 Invocations
 O Level 27 Evocations


You had 2 spell levels left.
You knew the following spells:

 Your Spells              Type           Power      Damage    Failure   Level
a - Blink                 Tloc           100%       N/A       0%          2
b - Lesser Beckoning      Tloc           100%       N/A       0%          3
c - Ignition              Fire           62%        3d17      1%          8
d - Infestation           Necr           75%        N/A       1%          8
e - Borgnjor's Vile Clut  Necr/Erth      75%        N/A       0%          5
f - Passage of Golubria   Tloc           100%       N/A       0%          4
g - Chain Lightning       Conj/Air       62%        3d83      1%          9
h - Iron Shot             Conj/Erth      62%        9d12      0%          6
i - Death's Door          Necr           75%        N/A       1%          9
k - Enfeeble              Hex            62%        N/A       1%          7
l - Haunt                 Necr/Summ      75%        N/A       1%          7
n - Necromutation         Tmut/Necr      75%        N/A       1%          8
o - Sublimation of Blood  Necr           100%       N/A       0%          2

Your spell library contained the following spells:

 Spells                   Type           Power      Damage    Failure   Level
 Apportation              Tloc           100%       N/A       0%          1
 Beastly Appendage        Tmut           100%       N/A       0%          1
 Foxfire                  Conj/Fire      100%       2x1d9     0%          1
 Freeze                   Ice            100%       1d11      0%          1
 Magic Dart               Conj           100%       1d8       0%          1
 Necrotise                Necr           100%       1d9       0%          1
 Slow                     Hex            100%       N/A       0%          1
 Sting                    Tmut/Pois      100%       1d8       0%          1
 Summon Small Mammal      Summ           100%       N/A       0%          1
 Call Imp                 Summ           100%       N/A       0%          2
 Ensorcelled Hibernation  Hex/Ice        100%       N/A       0%          2
 Passwall                 Tmut/Erth      100%       N/A       0%          2
 Poisonous Vapours        Pois/Air       100%       N/A       0%          2
 Scorch                   Fire           100%       2d10      0%          2
 Searing Ray              Conj           100%       2d8       0%          2
 Static Discharge         Conj/Air       100%       3-10/arc  0%          2
 Wereblood                Tmut           100%       N/A       0%          2
 Call Canine Familiar     Summ           100%       N/A       0%          3
 Conjure Flame            Conj/Fire      100%       6-21      0%          3
 Dazzling Flash           Conj/Hex       100%       N/A       0%          3
 Frozen Ramparts          Ice            100%       1d16      0%          3
 Gell's Gravitas          Tloc           100%       N/A       0%          3
 Ignite Poison            Fire/Tmut/Pois 100%       N/A       0%          3
 Inner Flame              Hex/Fire       100%       N/A       0%          3
 Mephitic Cloud           Conj/Pois/Air  100%       N/A       0%          3
 Ozocubu's Armour         Ice            100%       N/A       0%          3
 Spider Form              Tmut/Pois      100%       N/A       0%          3
 Stone Arrow              Conj/Erth      100%       3d13      0%          3
 Summon Guardian Golem    Hex/Summ       100%       N/A       0%          3
 Swiftness                Air            100%       N/A       0%          3
 Teleport Other           Tloc           100%       N/A       0%          3
 Tukima's Dance           Hex            100%       N/A       0%          3
 Airstrike                Air            62%        2d(9-25)  0%          4
 Anguish                  Hex/Necr       75%        N/A       0%          4
 Animate Armour           Summ/Erth      100%       N/A       0%          4
 Animate Dead             Necr           100%       N/A       0%          4
 Corpse Rot               Necr/Pois/Air  100%       N/A       0%          4
 Dispel Undead            Necr           100%       3d31      0%          4
 Flame Wave               Conj/Fire      100%       2d21      0%          4
 Fulminant Prism          Conj/Hex       62%        3d27      0%          4
 Hailstorm                Conj/Ice       100%       3d20      0%          4
 Ice Form                 Ice/Tmut       100%       N/A       0%          4
 Iskenderun's Mystic Bla  Conj/Tloc      100%       2d19      0%          4
 Leda's Liquefaction      Hex/Erth       62%        N/A       0%          4
 Olgreb's Toxic Radiance  Pois           100%       N/A       0%          4
 Petrify                  Tmut/Erth      100%       N/A       0%          4
 Sticky Flame             Conj/Fire      100%       2d11      0%          4
 Summon Ice Beast         Ice/Summ       100%       N/A       0%          4
 Summon Lightning Spire   Summ/Air       100%       N/A       0%          4
 Agony                    Necr           100%       N/A       0%          5
 Alistair's Intoxication  Tmut/Pois      83%        N/A       0%          5
 Blade Hands              Tmut           62%        N/A       0%          5
 Fireball                 Conj/Fire      62%        3d24      0%          5
 Freezing Cloud           Conj/Ice/Air   62%        6-21      0%          5
 Irradiate                Conj/Tmut      62%        3d32      0%          5
 Iskenderun's Battlesphe  Conj           100%       2d15      0%          5
 Lee's Rapid Deconstruct  Erth           62%        3d30*     0%          5
 Lightning Bolt           Conj/Air       62%        1d86      0%          5
 Manifold Assault         Tloc           100%       N/A       0%          5
 Metabolic Englaciation   Hex/Ice        62%        N/A       0%          5
 Silence                  Hex/Air        62%        N/A       0%          5
 Summon Forest            Summ/Tloc      62%        N/A       0%          5
 Summon Mana Viper        Hex/Summ       100%       N/A       0%          5
 Yara's Violent Unravell  Hex/Tmut       62%        3d23      0%          5
 Conjure Ball Lightning   Conj/Air       62%        3x3d22    0%          6
 Death Channel            Necr           75%        N/A       0%          6
 Dispersal                Tloc           62%        N/A       0%          6
 Eringya's Noxious Bog    Tmut/Pois      62%        N/A       0%          6
 Simulacrum               Ice/Necr       75%        N/A       0%          6
 Starburst                Conj/Fire      62%        6d16      0%          6
 Statue Form              Tmut/Erth      83%        N/A       0%          6
 Summon Cactus Giant      Summ           62%        N/A       0%          6
 Dragon Form              Tmut           62%        N/A       1%          7
 Malign Gateway           Summ/Tloc      62%        N/A       1%          7
 Monstrous Menagerie      Summ           62%        N/A       1%          7
 Orb of Destruction       Conj           62%        9d15      1%          7
 Ozocubu's Refrigeration  Ice            62%        4d21      1%          7
 Spellforged Servitor     Conj/Summ      62%        N/A       1%          7
 Storm Form               Tmut/Air       62%        N/A       1%          7
 Summon Hydra             Summ           62%        N/A       1%          7
 Borgnjor's Revivificati  Necr           75%        N/A       1%          8
 Discord                  Hex            62%        N/A       1%          8
 Disjunction              Tloc           62%        N/A       1%          8
 Lehudib's Crystal Spear  Conj/Erth      62%        10d14     1%          8
 Maxwell's Capacitive Co  Air            62%        ∞         1%          8
 Summon Horrible Things   Summ           62%        N/A       1%          8
 Dragon's Call            Summ           62%        N/A       1%          9
 Polar Vortex             Ice            62%        N/A       1%          9


Dungeon Overview and Level Annotations

Branches:
Dungeon (15/15)            Temple (1/1) D:7            Lair (5/5) D:8
  Swamp (4/4) Lair:2        Snake (4/4) Lair:3        Slime (5/5) Lair:4
    Orc (2/2) D:10            Elf (3/3) Orc:2        Vaults (5/5) D:14
  Crypt (3/3) Vaults:3       Tomb (3/3) Crypt:3      Depths (4/4) D:15
   Hell (visited)             Dis (0/7) Hell            Geh (7/7) Hell
    Coc (7/7) Hell            Tar (7/7) Hell            Zot (5/5) Depths:4
  IceCv (visited)          WizLab (visited)

Altars:
Ashenzari
Cheibriados
Dithmenos
Elyvilon
Fedhas
Gozag
Hepliaklqana
Kikubaaqudgha
Makhleb
Nemelex Xobeh
Okawaru
Qazlal
Ru
Sif Muna
Trog
Uskayaw
Vehumet
Wu Jian
Xom
Yredelemnul
Zin
The Shining One
Jiyva

Shops:
Orc:2 =[*!   Elf:1 !   Elf:2 !([   Snake:1 *[[   Snake:4 [(:   Vaults:4 [
Vaults:5 !(?!!?!   Zot:4 *   Depths:1 =:=*   Depths:3 (((   Depths:4 *

Portals:
Hell: Depths:1 Depths:2 Depths:3 Depths:4
Abyss: Depths:1 Depths:3
Pandemonium: Depths:1 Depths:2 Depths:3

Annotations:
Elf:3 2 transporters, PeterMcNeter's ghost, adept DsFi


Innate Abilities, Weirdness & Mutations

You are an undead lich.
Your unarmed attacks are suffused with negative energy.
You are immune to unholy pain and torment.
Your necromantic spells are more powerful.
You cannot drink.
You are immune to poison.
You have very sharp teeth.
Your uncanny sense of smell can sniff out nearby items.
Your experience applies equally to all skills.
You have sharp toenails.
Your flesh is cold resistant. (rC+)
Your body sometimes deteriorates upon taking damage.
Your flesh is heat resistant. (rF+)
You are robust. (+10% HP)
You occasionally lose the ability to read scrolls when taking damage.


Message History

Unknown command.
You barely miss the Tzitzimitl. You bite the Tzitzimitl.
The Tzitzimitl is heavily wounded.
Unknown command.
Casting: Iron Shot (safe; 0% risk of failure)
Confirm with . or Enter, or press ? or * to list all spells.
Aiming: Iron Shot (safe; 0% risk of failure)
Press: ? - help, Shift-Dir - straight line, f/p - Tzitzimitl
Aim: a Tzitzimitl (heavily wounded, 66% to hit)
The iron shot misses the Tzitzimitl.
You block the Tzitzimitl's attack. x2
Unknown command.
Casting: Iron Shot (safe; 0% risk of failure)
Confirm with . or Enter, or press ? or * to list all spells.
Okay, then.
Unknown command.
You barely miss the Tzitzimitl.
The Tzitzimitl is heavily wounded.
You block the Tzitzimitl's attack.
The Tzitzimitl bites you but does no damage.
A Tzitzimitl comes into view.
You slash the Tzitzimitl! You burn the Tzitzimitl.
The Tzitzimitl is severely wounded.
You hit the Tzitzimitl but do no damage.
The Tzitzimitl gestures at you.
You convulse!
* * * LOW HITPOINT WARNING * * *
Unknown command.
You slice the Tzitzimitl!! You burn the Tzitzimitl!
You kill the Tzitzimitl!
You hit the Tzitzimitl. You burn the Tzitzimitl.
You hear a chilling moan.
You block the Tzitzimitl's attack. The Tzitzimitl bites you.
* * * LOW HITPOINT WARNING * * *
A putrid mouth comes into view.
Unknown command.
You slash the Tzitzimitl! You burn the Tzitzimitl.
The Tzitzimitl is lightly wounded.
The Tzitzimitl gestures at you.
You convulse!
You die...

*** ** ################## *
* * ,,,,*
##....,........#### ,, ..
*.#..... #####...#... , *,
W..#.#...####...#.....∩. *
, ,
#....#..§§..#.......#... *,
,,,#......L1...###...######
, ,*
*,,#.......§§...#..........
,* ###..........#......#...
,,*,*, ,*
#####.............#... ,,*
* * ,*.......##..^.....###.
, **,, ,
.......#..........#.. , *
,, ....###.####.......#.. ,
, , *#### ,..# ,#########..
* **** ,, ,..# , , ,,###


You could see a Tzitzimitl and a putrid mouth.

Vanquished Creatures
  Cerebov (Pan)
  Asmodeus (Geh:7)
  Antaeus (Coc:7)
  the Royal Jelly (Slime:5)
  Gloorx Vloq (Pan)
  the Serpent of Hell (Geh:7)
  A seraph (Pan)
  Lom Lobon (Pan)
  5 dread liches
  4 orbs of fire
  9 pandemonium lords
  2 ancient liches
  Mennas (Crypt:2)
  2 juggernauts (Zig:3)
  10 royal mummies
  10 Killer Klowns
  Boris (thrice) (Crypt:1 Crypt:2 Tomb:1)
  13 shard shrikes
  Saint Roka (Vaults:5)
  2 caustic shrikes (Zig:22)
  Nikola (Snake:2)
  10 golden dragons
  2 curse toes (Zot:5)
  Geryon (Hell)
  The ghost of Iruirgha the Slayer, a veteran OpFi of Gozag (Zot:5)
  9 profane servitors
  A pearl dragon (Pan)
  14 bone dragons
  9 Tzitzimimeh
  3 electric golems
  5 doom hounds
  13 Brimstone Fiends
  3 iron giants (Zig:22)
  A Cloud Mage (WizLab)
  23 tentacled monstrosities
  2 spectral shard shrikes (Tar:6)
  11 searing wretches
  15 hellephants
  25 Ice Fiends
  10 tainted leviathans
  24 Orb Guardians (Zot:5)
  13 liches
  2 deep elf blademasters (Elf:3)
  A shard shrike skeleton (Abyss:4)
  9 Hell Sentinels
  13 titans
  8 quicksilver dragons
  26 acid blobs
  25 Executioners
  3 deep elf master archers
  8 death cobs
  11 sphinxes
  17 ancient champions
  The ghost of Sinlucw the Warrior, an adept DsBe of Trog (Snake:4)
  23 tentacled starspawn
  A kraken (Abyss:4)
  9 shadow dragons
  A thorn hunter (Swamp:4)
  Roxanne (Snake:4)
  15 tengu reavers
  Donald (Crypt:2)
  11 storm dragons
  5 daevas
  10 draconian monks
  9 revenants
  11 rockslimes
  11 draconian knights
  26 nagarajas
  20 frost giants
  7 demonspawn warmongers (Pan)
  An orc warlord (Orc:2)
  22 azure jellies
  5 emperor scorpions
  28 narguns
  14 shard shrike simulacra
  32 balrugs
  14 fire giants
  An iron dragon (Zig:22)
  17 cacodemons
  7 draconian scorchers
  5 quicksilver elementals (Zig:22)
  6 deep elf sorcerers
  9 deep elf elementalists
  23 ghost moths
  12 draconian stormcallers
  10 draconian shifters
  A spectral juggernaut (Tar:4)
  Aizul (Snake:3)
  13 vault wardens
  17 angels
  11 draconian annihilators
  9 demonspawn corrupters (Pan)
  3 spectral caustic shrikes
  12 demonspawn blood saints (Pan)
  32 very ugly things
  17 ghouls
  20 reapers
  2 spriggan defenders
  4 curse skulls
  19 ironbound preservers
  The ghost of kthxbai the Summoner, a journeyman DESu of Gozag (Swamp:3)
  2 caustic shrike skeletons
  A juggernaut skeleton (Hell)
  9 ophanim
  13 quicksilver oozes
  A broodmother (Zig:26)
  21 elemental wellsprings
  12 stone giants
  7 war gargoyles
  17 vampire knights
  13 lorocyprocas
  16 demonspawn black suns
  A bennu (Tomb:2)
  10 ironbound thunderhulks
  13 yellow draconians
  7 entropy weavers
  19 green draconians
  20 putrid mouths
  2 spectral titans (Tar:2)
  17 deep elf annihilators
  8 deep elf demonologists
  22 dire elephants
  13 white draconians
  19 wendigos
  2 eleionomae
  6 spark wasps
  4 halazid warlocks (Tar:6)
  13 purple draconians
  3 bunyips
  9 apis (Pan)
  12 black draconians
  10 eidola
  8 red draconians
  7 iron golems
  9 deep elf death magi
  A spectral quicksilver dragon (Tar:3)
  16 green deaths
  27 blizzard demons
  2 spectral golden dragons
  8 merfolk javelineers
  7 jiangshi
  12 ettins
  6 fire dragons
  2 shambling mangroves
  2 crystal guardians
  15 mummy priests
  8 yaktaur captains
  16 great orbs of eyes
  A spectral iron giant (Tar:6)
  9 deep elf high priests
  9 hydras
  9 merfolk impalers (Zig:24)
  5 boulder beetles
  3 quicksilver dragon skeletons
  2 spectral spriggans
  3 hell beasts
  Erolcha (D:9)
  A catoblepas (Lair:1)
  33 vault guards
  10 salamander tyrants
  8 caustic shrike simulacra
  2 ogre magi (Vaults:5)
  10 ice dragons
  11 rakshasas
  Fannar (D:10)
  5 stokers
  A jorogumo (Zig:10)
  6 centaur warriors
  2 peacekeepers
  An alligator (Zig:25)
  4 juggernaut simulacra
  3 satyrs
  4 spriggan skeletons
  2 spectral stone giants (Tar:4)
  7 spriggan air magi
  A merfolk avatar (Zig:24)
  11 ironbound frosthearts
  2 death knights (Crypt:1)
  7 ghost crabs
  11 anacondas
  13 naga warriors
  3 two-headed ogres
  40 hell hogs
  7 merfolk aquamancers
  30 dancing weapons
  4 alligator snapping turtles
  A fenstrider witch skeleton (Pan)
  31 death scarabs
  A radroach (Zig:15)
  11 deep troll earth magi
  5 deep troll shamans
  4 tengu warriors
  2 shock serpents (shapeshifter) (Vaults:5)
  21 shock serpents
  7 vampire magi
  7 orc high priests
  4 spectral dire elephants (Tar:4)
  46 thrashing horrors
  7 spriggan berserkers
  3 spriggans
  17 wretched stars
  19 naga sharpshooters
  12 hell knights
  4 crystal echidnas (Zig:22)
  20 deep elf knights
  A storm dragon zombie (Depths:2)
  A titan skeleton (Crypt:1)
  9 iron trolls
  25 soul eaters
  A spectral ghost moth (Zot:5)
  49 skeletal warriors
  3 pharaoh ants
  24 sixfirhies
  61 sun demons
  A goliath frog (Zig:26)
  2 salamander mystics (Depths:2)
  11 cherubim (Pan)
  A golden dragon zombie (Zig:9)
  12 sea snakes
  2 death drakes (WizLab)
  20 shadow wraiths
  A sun moth (Zig:15)
  4 steelbarb worms
  A golden dragon skeleton (Vaults:3)
  5 quicksilver dragon simulacra
  43 deep trolls
  17 naga ritualists
  7 glowing orange brains
  2 spectral anacondas
  4 flayed ghosts
  9 spatial maelstroms
  10 wizards
  10 swamp dragons
  4 bog bodies
  An anaconda zombie (Hell)
  3 bunyip skeletons
  24 shadow demons
  An iron giant skeleton (Crypt:3)
  2 spectral iron dragons
  3 spriggan druids
  10 phantasmal warriors
  An orb spider (shapeshifter) (Depths:4)
  Pikel (D:7)
  2 orange crystal statues
  23 ironbound convokers
  13 deep elf archers
  13 lindwurms
  19 harpies
  2 orc knights
  3 anaconda skeletons
  35 deep elf pyromancers
  9 fauns (Zig:24)
  23 mana vipers
  6 necromancers
  6 wolf spiders
  A frost giant zombie (Depths:2)
  2 oklob plants
  28 deep elf zephyrmancers
  46 ugly things
  7 orc sorcerers
  A fire giant zombie (Depths:2)
  5 worldbinders (Abyss:4)
  5 cyclopes
  2 will-o-the-wisps
  22 salamanders
  19 moths of wrath
  6 shining eyes
  2 shadow dragon skeletons
  A tengu skeleton (Vaults:3)
  2 elephants (Lair:4)
  25 naga magi
  A naga zombie (Abyss:4)
  A spectral centaur (Tar:2)
  Joseph (D:7)
  A salamander (shapeshifter) (Abyss:4)
  6 eyes of devastation
  5 merfolk sirens (Zig:24)
  3 iron dragon skeletons
  9 manticores
  6 rust devils
  74 black mambas
  A fire giant skeleton (Depths:2)
  15 water nymphs
  11 ice statues
  8 apocalypse crabs
  18 guardian serpents
  68 large abominations
  7 titan simulacra
  22 vault sentinels
  2 torpor snails
  3 cane toads
  A dire elephant skeleton (Crypt:2)
  28 orange demons
  3 unseen horrors
  4 kobold demonologists
  A shock serpent skeleton (Crypt:2)
  2 spriggan zombies (Depths:2)
  A rime drake (Lair:2)
  65 smoke demons
  20 demonic crawlers
  15 yaktaurs
  46 hellions
  A pale draconian zombie (Crypt:3)
  An alligator snapping turtle skeleton (Hell)
  7 efreet
  A komodo dragon (shapeshifter) (Abyss:4)
  32 hellwings
  2 ice devils
  3 komodo dragons
  3 tengu conjurers
  24 tormentors
  4 anaconda simulacra
  A white draconian skeleton (Crypt:2)
  2 iron giant simulacra
  3 golden dragon simulacra
  15 freezing wraiths
  A yaktaur (shapeshifter) (Elf:3)
  5 red devils
  4 spectral moths of wrath (Zot:5)
  2 hydra zombies (Hell)
  A yaktaur skeleton (Vaults:3)
  45 guardian mummies
  3 silent spectres
  6 trolls
  2 meliai (Zig:15)
  5 spectral nagas
  A bloated husk (Swamp:1)
  32 ancient zymes
  4 wind drakes
  2 polar bears (Vaults:3)
  4 harpy skeletons
  35 merfolk
  3 tarantellas
  10 hornets
  5 tyrant leeches
  Prince Ribbit (D:7)
  15 blink frogs
  A slime creature (shapeshifter) (Depths:2)
  An alligator zombie (Hell)
  A jumping spider zombie (Crypt:3)
  A stone giant simulacrum (Coc:4)
  139 slime creatures
  2 iron dragon simulacra
  6 dream sheep (Lair:5)
  48 raiju
  17 air elementals
  An alligator skeleton (Hell)
  3 snapping turtles (Zig:24)
  2 dire elephant simulacra
  3 ettin skeletons
  39 ynoxinuls
  20 flying skulls
  2 jumping spiders (Zig:10)
  A jumping spider (shapeshifter) (Vaults:5)
  A spriggan (shapeshifter) (Abyss:3)
  3 culicivoras
  23 water elementals
  14 wraiths
  3 vampires
  69 starcursed masses
  2 shadows
  13 ushabtiu
  3 nameless horrors
  3 wyverns
  23 chaos spawn
  29 golden eyes
  24 yaks
  3 basilisks
  32 neqoxecs
  2 sea snake simulacra (Hell)
  3 fire elementals
  8 fire bats
  3 steam dragons
  2 white draconian simulacra (Zot:5)
  11 spatial vortices
  8 redbacks
  10 vampire mosquitoes
  2 wargs
  2 death yak simulacra (IceCv)
  2 acid dragons
  14 harpy simulacra
  2 swamp worms
  A warg (shapeshifter) (Abyss:3)
  61 nagas
  7 hell hounds
  A human simulacrum (Vaults:3)
  2 moth of wrath simulacra (Zot:5)
  A cane toad zombie (Crypt:1)
  4 floating eyes
  A fire bat skeleton (Crypt:2)
  2 naga skeletons
  7 ettin simulacra
  2 swamp drakes
  A sky beast (Abyss:3)
  2 ice beasts (D:6)
  24 orc warriors
  A swamp dragon zombie (Hell)
  A floating eye zombie (Zig:9)
  11 ogres
  5 centaurs
  3 wolves
  A lemure (D:7)
  A hog skeleton (Crypt:1)
  3 phantoms (D:6)
  A komodo dragon zombie (Crypt:1)
  20 small abominations
  4 earth elementals
  20 kobold brigands
  8 bullfrogs
  8 necrophages
  2 naga simulacra
  A komodo dragon skeleton (Crypt:2)
  3 two-headed ogre simulacra
  4 human skeletons
  2 scorpions
  6 wights (Abyss:3)
  A wyvern skeleton (Crypt:1)
  A swamp dragon simulacrum (Coc:1)
  11 killer bees
  2 howler monkeys
  3 electric eels
  A shapeshifter skeleton (Crypt:3)
  A crimson imp (Abyss:3)
  2 quasits (Abyss:3)
  A gnoll bouda (Zig:3)
  20 orc priests
  2 hounds
  A basilisk skeleton (Crypt:2)
  2 iron imps (Abyss:3)
  An iguana (D:6)
  21 orc wizards
  5 spriggan simulacra
  A wolf simulacrum (IceCv)
  2 polar bear simulacra (IceCv)
  49 mummies
  A howler monkey zombie (Crypt:3)
  7 gnolls
  7 adders
  5 shadow imps
  3 white imps
  3 ufetubi
  An iguana zombie (Crypt:1)
  An adder skeleton (Crypt:2)
  A dart slug (D:2)
  90 orcs
  5 endoplasms
  3 giant cockroaches
  5 goblins
  3 hobgoblins
  31 kobolds
  6 ball pythons
  A ball python skeleton (Crypt:3)
  7 bats
  2 frilled lizards
  A kobold zombie (Crypt:3)
  2 orc zombies
  6 rats
  A briar patch (Swamp:4)
  A bush (Abyss:1)
  4 creeping infernos
  4 fire vortices
  2 lurking horrors (Abyss:4)
  26 starspawn tentacles
  3 tentacles (Abyss:4)
4519 creatures vanquished.

Vanquished Creatures (collateral kills)
  A pandemonium lord (Pan)
  Mnoleg (Pan)
  Tiamat (Zot:2)
  A dread lich (Zig:12)
  A juggernaut (Zig:11)
  6 royal mummies
  Bai Suzhen (Elf:3)
  9 starcursed masses
  3 golden dragons
  3 bone dragons
  2 hellephants
  A Tzitzimitl (Tomb:3)
  5 Hell Sentinels
  15 tentacled monstrosities
  An Orb Guardian (Zot:5)
  6 liches
  A quicksilver dragon (Zot:5)
  A deep elf blademaster (Zig:18)
  2 searing wretches
  A deep elf master archer (Zig:18)
  2 tentacled starspawn
  2 acid blobs (Zig:19)
  A sphinx (Tomb:1)
  A death cob (Zot:4)
  A shadow dragon (Zot:4)
  A thorn hunter (Swamp:4)
  An Executioner (Zig:6)
  7 storm dragons
  6 draconian monks
  A revenant (Tomb:1)
  14 nagarajas
  2 demonspawn warmongers
  An azure jelly (Zig:19)
  2 fire giants
  3 rockslimes (Zig:19)
  A draconian knight (Zig:14)
  2 iron dragons (Depths:4)
  2 balrugs
  An orc warlord (Zig:11)
  8 emperor scorpions
  A deep elf sorcerer (Elf:1)
  9 draconian scorchers
  A frost giant (Depths:4)
  4 cacodemons
  Louise (Elf:3)
  4 ghouls
  6 draconian shifters
  A draconian stormcaller (Zig:14)
  7 draconian annihilators
  2 stone giants (Zig:11)
  A broodmother (Zig:25)
  7 bennus
  A reaper (Pan)
  A war gargoyle (Zig:22)
  4 very ugly things
  5 eleionomae
  A deep elf demonologist (Elf:1)
  An elemental wellspring (Coc:4)
  A vampire knight (Depths:4)
  5 black draconians
  2 yellow draconians (Zot:2)
  8 red draconians
  A demonspawn black sun (Pan)
  9 green draconians
  6 bunyips
  A lorocyproca (Zig:27)
  5 dire elephants (Vaults:1)
  A spark wasp (Depths:4)
  10 purple draconians
  3 iron golems (Zig:22)
  5 white draconians
  13 mummy priests
  An ettin (Orc:1)
  3 green deaths (Pan)
  2 merfolk impalers
  Josephine (D:14)
  3 merfolk javelineers
  The ghost of p0werm0de the Fighter, a journeyman MiFi of Okawaru (D:13)
  A deep elf high priest (Zig:18)
  2 great orbs of eyes
  3 rakshasas
  15 hydras
  3 catoblepae
  A hell beast (Pan)
  3 anacondas (Snake:4)
  4 alligator snapping turtles
  9 salamander tyrants
  8 vault guards
  An ice dragon (Depths:4)
  An ogre mage (D:15)
  2 boulder beetles (Zig:25)
  5 two-headed ogres
  3 naga warriors
  7 alligators
  A spriggan air mage (Depths:4)
  An ironbound frostheart (Vaults:1)
  A radroach (Zig:25)
  11 dancing weapons
  3 merfolk aquamancers (Zig:26)
  A merfolk avatar (Lair:5)
  2 centaur warriors (D:14)
  3 tengu warriors (D:15)
  2 hell hogs
  6 death scarabs (Tomb:2)
  7 thrashing horrors
  6 naga sharpshooters
  2 soul eaters (Pan)
  4 orc high priests
  10 deep elf knights
  7 wretched stars
  7 spriggans
  A salamander mystic (Zig:26)
  4 large abominations
  2 sun demons (Pan)
  8 spatial maelstroms
  14 skeletal warriors
  A sun moth (Zig:25)
  14 swamp dragons
  A deep troll (Vaults:1)
  An obsidian statue (Zig:9)
  5 goliath frogs
  2 flayed ghosts (Depths:4)
  A bog body (Zig:26)
  5 sea snakes
  2 spriggan druids
  A naga ritualist (Snake:4)
  3 orange crystal statues (Zig:14)
  A tengu zombie (Zig:9)
  6 deep elf archers
  3 glowing orange brains
  A wizard (D:15)
  An ironbound convoker (Vaults:1)
  11 deep elf zephyrmancers
  4 orc knights
  3 lindwurms
  3 mana vipers (Snake:4)
  2 harpies (Zig:24)
  An anaconda skeleton (Tomb:1)
  3 orc sorcerers
  A faun (Zig:24)
  2 will-o-the-wisps
  15 deep elf pyromancers
  4 ugly things
  7 cyclopes
  A frost giant zombie (Zig:8)
  5 moths of wrath
  3 shining eyes (Zig:19)
  4 salamanders
  A manticore (Lair:5)
  12 elephants
  An elephant (shapeshifter) (D:15)
  5 guardian serpents
  5 black mambas
  An ice statue (Zig:9)
  2 apocalypse crabs
  13 smoke demons
  3 merfolk sirens
  2 eyes of devastation (Zig:19)
  A torpor snail (shapeshifter) (Elf:1)
  4 torpor snails
  4 naga magi
  A dire elephant skeleton (Tomb:3)
  Maggie (Lair:2)
  3 cane toads
  A water nymph (Zig:26)
  An orange demon (Pan)
  4 komodo dragons
  A rime drake (Lair:4)
  An anaconda simulacrum (Coc:2)
  A bunyip simulacrum (Coc:2)
  20 guardian mummies
  A hellwing (Zig:20)
  A freezing wraith (D:15)
  An ancient zyme (Zig:20)
  A troll (Orc:2)
  A queen bee (shapeshifter) (D:13)
  6 polar bears
  A wind drake (Zig:24)
  12 tyrant leeches
  4 hornets
  A polar bear (shapeshifter) (D:14)
  A raiju (shapeshifter) (D:13)
  13 slime creatures
  5 dream sheep (Lair:5)
  4 blink frogs
  14 flying skulls
  A jumping spider (Zig:26)
  An air elemental (Elf:1)
  2 water elementals
  A black mamba zombie (Tomb:1)
  14 yaks (Lair:5)
  3 wyverns
  17 ushabtiu
  4 wraiths (D:14)
  A ynoxinul (Pan)
  5 fire elementals
  12 vampire mosquitoes
  A basilisk (shapeshifter) (Elf:2)
  2 basilisks
  A golden eye (Zig:27)
  A steam dragon (Lair:5)
  8 neqoxecs
  3 spatial vortices
  A harpy simulacrum (Coc:2)
  An acid dragon (D:13)
  17 swamp worms
  6 nagas
  6 water moccasins
  6 swamp drakes
  26 orc warriors
  A floating eye (Zig:19)
  A swamp dragon zombie (Tomb:1)
  10 ogres
  10 wolves
  2 bullfrogs
  6 earth elementals
  A necrophage (Swamp:3)
  4 howler monkeys
  A crimson imp (Pan)
  5 orc priests (Orc:2)
  An orc wizard (Orc:2)
  15 mummies
  22 orcs
  A briar patch (Swamp:4)
  A demonic plant (Pan)
  A starspawn tentacle (Zig:27)
923 creatures vanquished.

Vanquished Creatures (others)
  An eldritch tentacle (Pan)
  2 quicksilver elementals (Zig:22)
  A deep elf death mage (Crypt:2)
  A caustic shrike simulacrum (Coc:4)
  A stoker (Geh:4)
  A soul eater (Pan)
  A thrashing horror (Zig:27)
  2 deep elf knights
  A swamp dragon (Zig:25)
  A titan simulacrum (Coc:2)
  A golden dragon simulacrum (Zig:12)
  A tormentor (Geh:5)
  A bloated husk (Swamp:3)
  A large abomination (Zig:27)
  A tyrant leech (Swamp:1)
  A fire bat (Pan)
  An ushabti (Tomb:2)
  3 harpy simulacra
  A swamp worm (Swamp:1)
  A hydra simulacrum (Coc:2)
  2 wights (Abyss:3)
  2 orcs (D:10)
  4 ball lightnings
  A creeping inferno (Hell)
  6 demonic plants
  14 foxfires
  24 fungi
  A lurking horror (Abyss:4)
  71 plants
  31 starspawn tentacles
  3 tentacles (Abyss:4)
  10 withered plants (D:8)
193 creatures vanquished.

Grand Total: 5635 creatures vanquished

Notes
Turn   | Place    | Note
-------+----------+-------------------------------------------
     0 | D:1      | Turgor the Gnoll Warper began the quest for the Orb.
     0 | D:1      | Reached XP level 1. HP: 20/20 MP: 6/6
   106 | D:1      | Got the Quarto of Maledictive Intoxication
   275 | D:1      | Reached XP level 2. HP: 13/26 MP: 7/7
   278 | D:1      | Learned a level 2 spell: Blink
  1090 | D:2      | Found a broken altar of Ashenzari.
  1095 | D:2      | Became a worshipper of Ashenzari the Shackled
  1139 | D:2      | Reached skill level 5 in Spellcasting
  1139 | D:2      | Reached XP level 3. HP: 30/31 MP: 7/9
  1145 | D:2      | Reached skill level 1 in Invocations
  1424 | D:2      | Reached skill level 1 in Short Blades
  1424 | D:2      | Reached skill level 1 in Long Blades
  1424 | D:2      | Reached skill level 1 in Maces & Flails
  1424 | D:2      | Reached skill level 1 in Polearms
  1424 | D:2      | Reached skill level 1 in Staves
  1424 | D:2      | Reached skill level 1 in Ranged Weapons
  1424 | D:2      | Reached skill level 1 in Stealth
  1424 | D:2      | Reached skill level 1 in Shields
  1424 | D:2      | Reached skill level 1 in Unarmed Combat
  1424 | D:2      | Reached skill level 1 in Evocations
  1603 | D:2      | Reached XP level 4. HP: 38/38 MP: 11/11
  2023 | D:3      | Reached skill level 1 in Conjurations
  2023 | D:3      | Reached skill level 1 in Hexes
  2023 | D:3      | Reached skill level 1 in Summonings
  2023 | D:3      | Reached skill level 1 in Necromancy
  2023 | D:3      | Reached skill level 1 in Transmutations
  2023 | D:3      | Reached skill level 1 in Fire Magic
  2023 | D:3      | Reached skill level 1 in Ice Magic
  2023 | D:3      | Reached skill level 1 in Air Magic
  2023 | D:3      | Reached skill level 1 in Earth Magic
  2023 | D:3      | Reached skill level 1 in Poison Magic
  2443 | D:4      | Identified the +0 buckler of the Pink Corner {rC+ Int+3}
  2504 | D:4      | Reached * piety under Ashenzari
  2538 | D:4      | Reached XP level 5. HP: 43/43 MP: 12/12
  2904 | D:4      | Reached ** piety under Ashenzari
  2909 | D:4      | Learned a level 3 spell: Lesser Beckoning
  2915 | D:4      | Learned a level 5 spell: Manifold Assault
  2920 | D:4      | Learned a level 4 spell: Olgreb's Toxic Radiance
  3342 | D:5      | Entered Level 5 of the Dungeon
  3522 | D:5      | Reached XP level 6. HP: 50/50 MP: 14/14
  3615 | D:5      | Reached skill level 5 in Fighting
  3615 | D:5      | Reached skill level 5 in Axes
  3615 | D:5      | Reached skill level 5 in Dodging
  3825 | D:5      | Reached XP level 7. HP: 56/56 MP: 15/15
  4889 | D:6      | Reached *** piety under Ashenzari
  5041 | D:6      | Reached XP level 8. HP: 52/60 MP: 16/16
  5459 | D:7      | Learned a level 3 spell: Ozocubu's Armour
  5510 | D:7      | Found a staircase to the Ecumenical Temple.
  5772 | D:7      | Noticed Prince Ribbit
  5781 | D:7      | Killed Prince Ribbit
  6312 | D:7      | Noticed Pikel
  6321 | D:7      | Killed Pikel
  6322 | D:7      | Reached skill level 5 in Throwing
  6322 | D:7      | Reached skill level 5 in Armour
  6322 | D:7      | Reached XP level 9. HP: 70/70 MP: 17/19
  6372 | D:7      | Noticed Joseph
  6384 | D:7      | Killed Joseph
  6385 | D:7      | Reached skill level 5 in Invocations
  6739 | D:8      | Found a staircase to the Lair.
  6844 | D:8      | Noticed a two-headed ogre
  6860 | D:8      | Killed a two-headed ogre
  6861 | D:8      | Reached skill level 5 in Short Blades
  6861 | D:8      | Reached skill level 5 in Long Blades
  6861 | D:8      | Reached skill level 5 in Maces & Flails
  6861 | D:8      | Reached skill level 5 in Polearms
  6861 | D:8      | Reached skill level 5 in Staves
  6861 | D:8      | Reached skill level 5 in Ranged Weapons
  6861 | D:8      | Reached skill level 5 in Stealth
  6861 | D:8      | Reached skill level 5 in Shields
  6861 | D:8      | Reached skill level 5 in Unarmed Combat
  6861 | D:8      | Reached skill level 5 in Evocations
  6861 | D:8      | Reached XP level 10. HP: 75/77 MP: 17/20
  7041 | D:8      | Found an ancient bone altar of Kikubaaqudgha.
  8514 | D:9      | Noticed a deep elf pyromancer
  8734 | D:9      | Killed a deep elf pyromancer
  8735 | D:9      | Reached skill level 5 in Conjurations
  8735 | D:9      | Reached skill level 5 in Hexes
  8735 | D:9      | Reached skill level 5 in Summonings
  8735 | D:9      | Reached skill level 5 in Necromancy
  8735 | D:9      | Reached skill level 5 in Transmutations
  8735 | D:9      | Reached skill level 5 in Fire Magic
  8735 | D:9      | Reached skill level 5 in Ice Magic
  8735 | D:9      | Reached skill level 5 in Air Magic
  8735 | D:9      | Reached skill level 5 in Earth Magic
  8735 | D:9      | Reached skill level 5 in Poison Magic
  8746 | D:9      | Reached XP level 11. HP: 54/85 MP: 15/22
  9007 | D:9      | Noticed a cyclops
  9020 | D:9      | Noticed a centaur warrior
  9024 | D:9      | Noticed a deep elf pyromancer
  9029 | D:9      | Killed a deep elf pyromancer
  9029 | D:9      | Killed a cyclops
  9034 | D:9      | Killed a centaur warrior
  9083 | D:9      | Noticed a deep elf pyromancer
  9083 | D:9      | Noticed a boulder beetle
  9405 | D:9      | Found a basalt altar of Yredelemnul.
  9438 | D:9      | Paralysed by a hornet for 3 turns
  9691 | D:9      | Noticed Erolcha
  9761 | Abyss:1  | Cast into level 1 of the Abyss (Erolcha)
  9772 | Abyss:1  | Noticed a wretched star
  9779 | Abyss:1  | Reached **** piety under Ashenzari
  9808 | Abyss:1  | Noticed a balrug
  9826 | Abyss:1  | Found a corrupted altar of Lugonu.
  9851 | Abyss:1  | Noticed a tentacled starspawn
  9969 | Abyss:1  | Noticed a wretched star
 10001 | Abyss:1  | Noticed a shadow wraith
 10151 | Abyss:1  | Noticed a starcursed mass
 10263 | Abyss:1  | Noticed a starcursed mass
 10298 | Abyss:1  | Killed a starcursed mass
 10349 | Abyss:1  | Noticed a starcursed mass
 10367 | D:9      | Escaped the Abyss
 10583 | D:9      | Identified the ring "Nobra" {Str+7 Int+6 SInv}
 10692 | D:9      | Learned a level 5 spell: Fireball
 10733 | D:9      | Identified the Precepts of Breath
 10745 | D:9      | Learned a level 4 spell: Airstrike
 10912 | D:9      | Killed a deep elf pyromancer
 11155 | D:9      | Killed a boulder beetle
 11162 | D:9      | HP: 4/87 [acid dragon/splash of acid (11)]
 12015 | D:9      | Killed Erolcha
 12016 | D:9      | Reached XP level 12. HP: 88/94 MP: 21/24
 12055 | D:10     | Entered Level 10 of the Dungeon
 12274 | D:10     | Noticed Fannar
 12354 | D:10     | Killed Fannar
 12490 | D:10     | Found a staircase to the Orcish Mines.
 12627 | D:10     | Upgraded the game from 0.30-a0-12-gd8047c6341 to
                  | 0.30-a0-23-ge60ba3568b
 13553 | D:10     | Noticed a seven-headed hydra
 13715 | D:11     | Found a frozen archway.
 13746 | IceCv    | Entered an ice cave
 15496 | D:11     | Noticed a boulder beetle
 15511 | D:11     | Killed a boulder beetle
 15631 | D:11     | Reached skill level 10 in Fighting
 16381 | D:12     | Noticed a two-headed ogre
 16410 | D:12     | Killed a two-headed ogre
 16451 | D:12     | Reached XP level 13. HP: 109/109 MP: 14/28
 16651 | D:12     | Reached ***** piety under Ashenzari
 17378 | Lair:1   | Entered Level 1 of the Lair of Beasts
 17401 | Lair:1   | Reached skill level 10 in Spellcasting
 17637 | Lair:1   | Found a blossoming altar of Fedhas.
 17831 | Lair:1   | Learned a level 6 spell: Iron Shot
 17836 | Lair:1   | Learned a level 4 spell: Animate Armour
 18288 | Lair:2   | Noticed Maggie
 18301 | Lair:2   | Killed Maggie
 18421 | Lair:2   | Found a staircase to the Swamp.
 18490 | Lair:2   | Reached skill level 10 in Axes
 18490 | Lair:2   | Reached skill level 10 in Dodging
 19260 | Lair:3   | Identified the ring of Uskayaw's Castigation {Wiz Will++
                  | Str+4 Int+2}
 19284 | Lair:3   | Found a staircase to the Snake Pit.
 20124 | Lair:4   | Reached XP level 14. HP: 111/123 MP: 24/31
 20173 | Lair:4   | Identified a scroll of acquirement
 20182 | Lair:4   | Acquired the Atlas of the Postmodern Quests
 20196 | Lair:4   | Found a staircase to the Slime Pits.
 20196 | Lair:4   | Found a viscous altar of Jiyva.
 20219 | Lair:4   | Reached skill level 10 in Invocations
 20851 | Lair:5   | Entered Level 5 of the Lair of Beasts
 21091 | Lair:5   | Reached skill level 10 in Throwing
 21091 | Lair:5   | Reached skill level 10 in Armour
 22092 | Lair:5   | Reached skill level 10 in Translocations
 22537 | Orc:1    | Entered Level 1 of the Orcish Mines
 22558 | Orc:1    | Reached skill level 10 in Short Blades
 22558 | Orc:1    | Reached skill level 10 in Long Blades
 22558 | Orc:1    | Reached skill level 10 in Maces & Flails
 22558 | Orc:1    | Reached skill level 10 in Polearms
 22558 | Orc:1    | Reached skill level 10 in Staves
 22558 | Orc:1    | Reached skill level 10 in Ranged Weapons
 22558 | Orc:1    | Reached skill level 10 in Stealth
 22558 | Orc:1    | Reached skill level 10 in Shields
 22558 | Orc:1    | Reached skill level 10 in Unarmed Combat
 22558 | Orc:1    | Reached skill level 10 in Evocations
 23504 | Orc:2    | Entered Level 2 of the Orcish Mines
 23556 | Orc:2    | Reached XP level 15. HP: 132/132 MP: 25/33
 23671 | Orc:2    | Found Vuenaiwo's Distillery.
 23696 | Orc:2    | Found Alieddou's Assorted Antiques.
 23714 | Orc:2    | Bought a pair of embroidered boots for 217 gold pieces
 23721 | Orc:2    | Reached ****** piety under Ashenzari
 23729 | Orc:2    | Learned a level 6 spell: Simulacrum
 24133 | Orc:2    | Identified the +12 shortbow of Kant {vorpal, Will+++}
 24929 | Orc:2    | Found a staircase to the Elven Halls.
 25385 | Orc:2    | Noticed an orc warlord
 25411 | Orc:2    | Killed an orc warlord
 25854 | Orc:2    | Found Eladgh's Antique Armour Boutique.
 25862 | Orc:2    | Bought a pair of glowing boots for 225 gold pieces
 25927 | Orc:2    | Found Erchuris's Jewellery Shop.
 26373 | Swamp:1  | Entered Level 1 of the Swamp
 28019 | Swamp:2  | Reached XP level 16. HP: 147/147 MP: 31/37
 28770 | Swamp:3  | Identified the +1 robe of Magic {Rampage Fly rF- Regen+}
 28771 | Swamp:3  | Found a runed translucent gate.
 28771 | Swamp:3  | Found a runed translucent gate.
 28771 | Swamp:3  | Found a runed translucent gate.
 28786 | Swamp:3  | Noticed kthxbai's ghost (journeyman DESu)
 29127 | Swamp:4  | Entered Level 4 of the Swamp
 29330 | Swamp:4  | Noticed a thorn hunter
 29445 | Swamp:3  | Learned a level 5 spell: Blade Hands
 29458 | Swamp:4  | HP: 5/148 [lindwurm/blast of flame[a spriggan druid] (23)]
 29532 | Swamp:3  | Identified the cursed +2 trident of the Lashed Seer
                  | {protect, Fort, Melee} (You took it off an orc priest on
                  | level 6 of the Dungeon)
 29532 | Swamp:3  | Identified the cursed +0 pair of gloves "Sibylline Sybil"
                  | {Elem, Evo} (You found it on level 2 of the Dungeon)
 29734 | D:13     | Learned a level 6 spell: Summon Cactus Giant
 29735 | D:13     | Noticed p0werm0de's ghost (journeyman MiFi)
 29737 | D:13     | Found a runed translucent door.
 29844 | D:13     | Killed p0werm0de's ghost
 30011 | D:13     | Upgraded the game from 0.30-a0-23-ge60ba3568b to
                  | 0.30-a0-29-g142975f185
 30557 | D:14     | Noticed Josephine
 30567 | D:14     | Killed Josephine
 30572 | D:14     | Reached skill level 15 in Fighting
 30775 | D:14     | Found a gate to the Vaults.
 31376 | D:15     | Entered Level 15 of the Dungeon
 31407 | D:15     | Found a staircase to the Depths.
 31918 | D:15     | Reached XP level 17. HP: 156/156 MP: 28/38
 32011 | D:15     | Reached skill level 10 in Conjurations
 32011 | D:15     | Reached skill level 10 in Hexes
 32011 | D:15     | Reached skill level 10 in Summonings
 32011 | D:15     | Reached skill level 10 in Necromancy
 32011 | D:15     | Reached skill level 10 in Transmutations
 32011 | D:15     | Reached skill level 10 in Fire Magic
 32011 | D:15     | Reached skill level 10 in Ice Magic
 32011 | D:15     | Reached skill level 10 in Air Magic
 32011 | D:15     | Reached skill level 10 in Earth Magic
 32011 | D:15     | Reached skill level 10 in Poison Magic
 32466 | D:15     | Learned a level 5 spell: Borgnjor's Vile Clutch
 33990 | Swamp:4  | Identified the +4 great sword "Loogae" {pain, *Noise Will+
                  | MP+9}
 34132 | Swamp:4  | Got a decaying rune of Zot
 34352 | Elf:1    | Entered Level 1 of the Elven Halls
 34367 | Elf:1    | Found a radiant altar of Vehumet.
 35322 | Elf:1    | Identified the +0 scale mail of Gullucso {Str+6 Stlth+}
 35542 | Elf:1    | Reached XP level 18. HP: 166/166 MP: 5/40
 36064 | Elf:1    | Paralysed by an air elemental for 1 turns
 36074 | Elf:1    | Paralysed by an air elemental for 1 turns
 36506 | Elf:1    | Found Rueppat's Distillery.
 36730 | Elf:1    | Paralysed by an air elemental for 1 turns
 36732 | Elf:1    | Paralysed by an air elemental for 1 turns
 37290 | Elf:2    | Found Tuum's Distillery.
 37297 | Elf:2    | Bought a potion of heal wounds for 75 gold pieces
 37297 | Elf:2    | Bought a potion of haste for 150 gold pieces
 37297 | Elf:2    | Bought a potion of brilliance for 60 gold pieces
 37297 | Elf:2    | Bought a potion of heal wounds for 75 gold pieces
 37627 | Elf:2    | Learned a level 8 spell: Ignition
 37758 | Elf:2    | Found Mueruch's Armour Shop.
 37791 | Elf:2    | Found Awawnec's Antique Weapon Shop.
 37912 | Elf:2    | Identified the +0 battleaxe "Lublufini" {holy, rC+ Str+2}
 37913 | Elf:2    | Found a runed translucent gate.
 37913 | Elf:2    | Identified the +1 war axe of Recklessness {vorpal, Int+2}
 37933 | Elf:2    | Found a runed translucent gate.
 37934 | Elf:2    | Found a runed translucent gate.
 39514 | Elf:3    | Entered Level 3 of the Elven Halls
 39516 | Elf:3    | Noticed PeterMcNeter's ghost (adept DsFi)
 39565 | Elf:3    | Found a transporter.
 39822 | Elf:3    | Identified the +1 tower shield of Necvom {Drain rElec Str+4
                  | Int+2}
 39822 | Elf:3    | Noticed Louise
 39827 | Elf:3    | Killed Louise
 40054 | Elf:3    | Found a transporter.
 40357 | Elf:3    | Reached XP level 19. HP: 174/174 MP: 41/41
 40804 | Elf:3    | Noticed Bai Suzhen
 40819 | Elf:3    | Killed Bai Suzhen
 41306 | Elf:3    | Identified the +5 trident of Gereid {holy, rCorr Stlth+}
 42269 | Elf:3    | Identified the Codex of Conjury
 42766 | Snake:1  | Entered Level 1 of the Snake Pit
 42901 | Snake:1  | Found Paystroa's Antique Armour Shoppe.
 43032 | Snake:1  | Found Owexe's Assorted Antiques.
 43091 | Snake:1  | Found Gelanget's Armour Boutique.
 44275 | Snake:2  | Reached skill level 15 in Invocations
 44946 | Snake:2  | Reached XP level 20. HP: 187/187 MP: 25/44
 45294 | Snake:2  | Noticed Nikola
 45472 | Snake:2  | Killed Nikola
 45829 | Snake:3  | Noticed Aizul
 46129 | Snake:3  | Killed Aizul
 47010 | Snake:4  | Entered Level 4 of the Snake Pit
 47266 | Snake:4  | Found a runed translucent door.
 47267 | Snake:4  | Found a shimmering altar of Xom.
 47267 | Snake:4  | Noticed Sinlucw's ghost (adept DsBe)
 47284 | Snake:4  | Killed Sinlucw's ghost
 47553 | Snake:4  | Reached skill level 15 in Spellcasting
 47622 | Snake:4  | Found Focaosoi's Book Emporium.
 47622 | Snake:4  | Found Onuhaamn's Antique Weapon Shoppe.
 47625 | Snake:4  | Found Ywir's Armour Emporium.
 47640 | Snake:4  | Bought a manual of Spellcasting for 1520 gold pieces
 47654 | Snake:4  | Learned a level 7 spell: Haunt
 48524 | Snake:4  | Reached skill level 15 in Axes
 48524 | Snake:4  | Reached skill level 15 in Dodging
 48602 | Snake:4  | Noticed Roxanne
 48610 | Snake:4  | Killed Roxanne
 50097 | Snake:4  | Got a serpentine rune of Zot
 50635 | Vaults:1 | Entered Level 1 of the Vaults
 50768 | Vaults:1 | Reached XP level 21. HP: 165/199 MP: 10/47
 51418 | Vaults:1 | Reached skill level 15 in Throwing
 51418 | Vaults:1 | Reached skill level 15 in Armour
 52138 | Vaults:1 | Identified the +1 leather armour of the Thunderstorm {rC+
                  | Int+4}
 52525 | Vaults:2 | Reached skill level 15 in Short Blades
 52525 | Vaults:2 | Reached skill level 15 in Long Blades
 52525 | Vaults:2 | Reached skill level 15 in Maces & Flails
 52525 | Vaults:2 | Reached skill level 15 in Polearms
 52525 | Vaults:2 | Reached skill level 15 in Staves
 52525 | Vaults:2 | Reached skill level 15 in Ranged Weapons
 52525 | Vaults:2 | Reached skill level 15 in Stealth
 52525 | Vaults:2 | Reached skill level 15 in Shields
 52525 | Vaults:2 | Reached skill level 15 in Unarmed Combat
 52525 | Vaults:2 | Reached skill level 15 in Evocations
 53686 | Vaults:2 | Identified the +12 halberd of Perfectionism {venom, rN+}
 54458 | Vaults:2 | Reached XP level 22. HP: 207/209 MP: 34/49
 54591 | Vaults:2 | Learned a level 5 spell: Freezing Cloud
 55402 | Vaults:3 | Identified the ring of Keagun {rElec rPois rC+ Int+3
                  | Slay-3}
 55626 | Vaults:3 | Found a staircase to the Crypt.
 55833 | Vaults:4 | Found a magical portal.
 55855 | WizLab   | Entered The Chambers of the Cloud Mage
 55887 | WizLab   | Paralysed by an air elemental for 1 turns
 55909 | WizLab   | Paralysed by an air elemental for 1 turns
 55984 | WizLab   | Paralysed by an air elemental for 1 turns
 55986 | WizLab   | Paralysed by an air elemental for 1 turns
 56642 | WizLab   | Identified the ring of Lesiut {Fly rPois}
 56642 | WizLab   | Identified the Tome of Weather
 56644 | WizLab   | Identified the ring "Ythimn" {rN+ Int+2 Stlth+}
 57869 | Vaults:4 | Found Otidel's Armour Boutique.
 58225 | Depths:1 | Entered Level 1 of the Depths
 58229 | Depths:1 | Found a gateway to Hell.
 58396 | Depths:1 | Reached XP level 23. HP: 180/219 MP: 52/52
 58511 | Depths:1 | Found Vuag's Assorted Antiques.
 58565 | Depths:1 | Bought a scroll labelled LETET AKONK for 27 gold pieces
 58603 | Depths:1 | Found Ketuquen's Jewellery Boutique.
 58604 | Depths:1 | Acquired the +5 helmet of the Fresh God {rN+ Str+3}
 58612 | Depths:1 | Found Cusej's Book Emporium.
 58657 | Depths:1 | Found Kingocke's Jewellery Boutique.
 58666 | Depths:1 | Bought a book of Alchemy for 448 gold pieces
 58751 | Depths:1 | Found a one-way gate leading to the halls of Pandemonium.
 58825 | Depths:1 | Identified the amulet "Wecaoni" {Reflect rElec rF+ SH+5}
 58972 | Depths:1 | Found a one-way gate to the infinite horrors of the Abyss.
 59283 | Depths:1 | Paralysed by a floating eye for 4 turns
 59291 | Depths:1 | Paralysed by a floating eye for 3 turns
 60545 | Depths:2 | Noticed a dread lich
 60545 | Depths:2 | Identified the Folio of Gloom
 60547 | Depths:2 | Reached skill level 15 in Translocations
 60549 | Depths:2 | Killed a dread lich
 60662 | Depths:2 | Reached XP level 24. HP: 193/227 MP: 52/52
 60907 | Depths:2 | Learned a level 8 spell: Necromutation
 61580 | Depths:3 | Found Gozag's Antique Weapon Shoppe.
 61596 | Depths:3 | Found an opulent altar of Gozag.
 61599 | Depths:3 | Found Gozag's Antique Weapon Shoppe.
 61780 | Depths:3 | Found Gozag's Antique Weapon Emporium.
 62159 | Depths:3 | Identified the Spellbook of the Sinister Nimbus
 62444 | Depths:4 | Entered Level 4 of the Depths
 62638 | Depths:4 | Found a transporter.
 62780 | Depths:4 | Found a one-way gateway to a ziggurat.
 62946 | Depths:4 | Identified the ring "Jufits" {Will+ AC+4}
 63022 | Depths:4 | Found Arghuff's General Store.
 63126 | Depths:4 | Identified the ring of Huen {rF+ Str+3 Int+2 Dex+4 Slay+3
                  | Stlth+}
 63304 | Depths:4 | Identified the ring "Urineb" {Wiz rElec Str+2 Dex+4 Stlth-}
 63408 | Depths:4 | Found a gate to the Realm of Zot.
 63542 | Depths:4 | Learned a level 2 spell: Sublimation of Blood
 63663 | Depths:4 | Reached XP level 25. HP: 220/234 MP: 51/53
 63665 | Depths:4 | Found a transporter.
 63971 | Vaults:5 | Entered Level 5 of the Vaults
 63980 | Vaults:5 | Found Aparhylu's Distillery.
 64150 | Vaults:5 | Bought a potion of brilliance for 76 gold pieces
 64150 | Vaults:5 | Bought a potion of cancellation for 152 gold pieces
 64150 | Vaults:5 | Bought a potion of haste for 190 gold pieces
 64285 | Vaults:5 | Found Xoquyn Lora's Distillery.
 64290 | Vaults:5 | Bought a potion of haste for 130 gold pieces
 64290 | Vaults:5 | Bought a potion of heal wounds for 65 gold pieces
 64396 | Vaults:5 | Reached skill level 15 in Conjurations
 64396 | Vaults:5 | Reached skill level 15 in Hexes
 64396 | Vaults:5 | Reached skill level 15 in Summonings
 64396 | Vaults:5 | Reached skill level 15 in Necromancy
 64396 | Vaults:5 | Reached skill level 15 in Transmutations
 64396 | Vaults:5 | Reached skill level 15 in Fire Magic
 64396 | Vaults:5 | Reached skill level 15 in Ice Magic
 64396 | Vaults:5 | Reached skill level 15 in Air Magic
 64396 | Vaults:5 | Reached skill level 15 in Earth Magic
 64396 | Vaults:5 | Reached skill level 15 in Poison Magic
 64481 | Vaults:5 | Found Uroasas's Magic Scroll Boutique.
 64484 | Vaults:5 | Found Iraceol's Distillery.
 64488 | Vaults:5 | Bought a scroll of acquirement for 728 gold pieces
 64488 | Vaults:5 | Acquired a book of the Wilderness
 64494 | Vaults:5 | Bought a potion of might for 44 gold pieces
 64494 | Vaults:5 | Bought a potion of resistance for 110 gold pieces
 64494 | Vaults:5 | Bought a potion of mutation for 88 gold pieces
 64687 | Vaults:5 | Found Kyduifett's Antique Weapon Shoppe.
 64697 | Vaults:5 | Found Ceqyinum's Distillery.
 64705 | Vaults:5 | Bought a potion of cancellation for 136 gold pieces
 64705 | Vaults:5 | Bought a potion of cancellation for 136 gold pieces
 64705 | Vaults:5 | Bought a potion of resistance for 170 gold pieces
 64705 | Vaults:5 | Bought 2 potions of heal wounds for 170 gold pieces
 64740 | Vaults:5 | Noticed Saint Roka
 64929 | Vaults:5 | Found Wougit's Magic Scroll Shop.
 65097 | Vaults:5 | Got a silver rune of Zot
 65194 | Vaults:5 | Learned a level 4 spell: Passage of Golubria
 65400 | Vaults:5 | Killed Saint Roka
 66097 | Slime:1  | Entered Level 1 of the Pits of Slime
 66792 | Slime:2  | Reached XP level 26. HP: 229/242 MP: 36/54
 68238 | Slime:5  | Entered Level 5 of the Pits of Slime
 68414 | Slime:5  | Noticed the Royal Jelly
 68418 | Slime:5  | Killed the Royal Jelly
 68577 | Slime:5  | Identified the +9 spear of Wounding {drain, rElec rN+}
 68579 | Slime:5  | Identified the Compendium of Leadership and the Sky
 68582 | Slime:5  | Identified the ring "Xeadwasy" {Fire rN++ Str-4}
 68590 | Slime:5  | Got a slimy rune of Zot
 69118 | Slime:5  | Learned a level 8 spell: Infestation
 69127 | Slime:5  | Learned a level 7 spell: Enfeeble
 69448 | Depths:1 | Voluntarily entered the Abyss.
 69550 | Abyss:3  | Found a corrupted altar of Lugonu.
 69695 | Abyss:3  | Found a blossoming altar of Fedhas.
 69745 | Depths:1 | Escaped the Abyss
 69779 | Depths:1 | Voluntarily entered the Abyss.
 69823 | Abyss:3  | Paralysed by an air elemental for 1 turns
 69856 | Depths:1 | Escaped the Abyss
 69858 | Depths:1 | Voluntarily entered the Abyss.
 69873 | Abyss:3  | Found a runed translucent door.
 69908 | Abyss:3  | Found an ancient bone altar of Kikubaaqudgha.
 69932 | Depths:1 | Escaped the Abyss
 69934 | Depths:1 | Voluntarily entered the Abyss.
 70081 | Abyss:3  | Identified the cursed +8 broad axe "Liberalism of
                  | Ashenzari" {flame, Comp, Elem} (You took it off Maggie on
                  | level 2 of the Lair of Beasts)
 70081 | Abyss:3  | Identified the cursed +0 cloak "Eternal Together" {Elem,
                  | Bglg} (You found it on level 1 of the Dungeon)
 70081 | Abyss:3  | Identified the cursed +2 pair of gloves "Circumscribed
                  | Disgust" {Self, Melee} (You took it off Nikola on level 2
                  | of the Snake Pit)
 70081 | Abyss:3  | Identified the cursed +2 pair of boots of the Restrained
                  | Disgust {Elem, Self} (You bought it in a shop on level 2 of
                  | the Orcish Mines)
 70081 | Abyss:3  | Identified the cursed +4 gold dragon scales "Hedonism of
                  | Ashenzari" {rPois rF+ rC+, Evo, Melee} (You found it on
                  | level 3 of the Depths)
 70317 | Abyss:3  | Paralysed by accursed screaming for 1 turns
 70330 | Depths:1 | Escaped the Abyss
 70495 | Depths:1 | Voluntarily entered the Abyss.
 70511 | Abyss:3  | Paralysed by accursed screaming for 1 turns
 70599 | Abyss:3  | Paralysed by you for 5 turns
 70992 | Abyss:4  | Reached XP level 27. HP: 249/249 MP: 50/54
 71254 | Depths:1 | Escaped the Abyss
 71346 | Depths:1 | Voluntarily entered the Abyss.
 71513 | Abyss:4  | Got an abyssal rune of Zot
 71612 | Depths:1 | Escaped the Abyss
 72170 | Zot:1    | Entered Level 1 of the Realm of Zot
 72284 | Zot:1    | Identified the +5 short sword of Vengeance {spect, Int+3}
 72494 | Zot:1    | Noticed an orb of fire
 72494 | Zot:1    | Identified Sif Muna's Compilation of The Black Sun
 72797 | Zot:1    | Killed an orb of fire
 73275 | Zot:2    | Found the +4 dragonskin cloak
 73275 | Zot:2    | Noticed Tiamat
 73292 | Zot:2    | Killed Tiamat
 74622 | Zot:4    | Found Tassyat's CLEARANCE SALE!.
 75446 | Zot:5    | Entered Level 5 of the Realm of Zot
 75730 | Zot:5    | Found a runed translucent gate.
 75731 | Zot:5    | Found a runed translucent gate.
 75732 | Zot:5    | Found a runed translucent gate.
 75733 | Zot:5    | Noticed Iruirgha's ghost (veteran OpFi)
 75734 | Zot:5    | Identified the ring "Namalei" {rPois rC+}
 75779 | Zot:5    | Killed Iruirgha's ghost
 75942 | Zot:5    | Identified the +1 robe of the Boiling Point {*Corrode Fly
                  | rPois SInv}
 76287 | Zot:5    | Noticed an orb of fire
 76490 | Zot:5    | Killed an orb of fire
 76652 | Zot:5    | Noticed an orb of fire
 76875 | Zot:5    | Killed an orb of fire
 77037 | Zot:5    | Noticed an orb of fire
 77167 | Zot:5    | Killed an orb of fire
 78347 | Crypt:1  | Entered Level 1 of the Crypt
 78442 | Crypt:1  | Noticed Boris
 78913 | Crypt:1  | Reached skill level 27 in Fighting
 78919 | Crypt:1  | Killed Boris
 79025 | Crypt:1  | Found a transporter.
 79230 | Crypt:1  | Found a transporter.
 79230 | Crypt:1  | Identified the amulet of the Raven {Acrobat Fragile +Inv
                  | rElec Will+++}
 79232 | Crypt:1  | Identified the +0 falchion "Lulif" {vorpal, +Blink rF++
                  | Dex+4 Stlth-}
 79232 | Crypt:1  | Identified the ring of Qoog {Ice rElec rPois Will+}
 79305 | Crypt:1  | Noticed a dread lich
 79316 | Crypt:1  | Killed a dread lich
 79463 | Crypt:2  | Noticed Boris
 79499 | Crypt:2  | Killed Boris
 79919 | Crypt:2  | Noticed Donald
 79933 | Crypt:2  | Killed Donald
 80048 | Crypt:2  | Noticed Mennas
 80067 | Crypt:2  | Killed Mennas
 80349 | Crypt:3  | Entered Level 3 of the Crypt
 80454 | Crypt:3  | Noticed a dread lich
 80519 | Crypt:3  | Noticed a dread lich
 80607 | Crypt:3  | Identified the Compendium of Bloody Accomplices
 80609 | Crypt:3  | Found the +3 Mad Mage's Maulers {Infuse+∞ RegenMP Int-3}
 80613 | Crypt:3  | Identified the ring of Sibeguoq {Wiz Int+7}
 80614 | Crypt:3  | Identified the amulet of Dazeiss {Acrobat Fly Str-4 Dex+2}
 80628 | Crypt:3  | Noticed an ancient lich
 80636 | Crypt:3  | Noticed a dread lich
 80753 | Crypt:3  | Killed an ancient lich
 81090 | Crypt:3  | Killed a dread lich
 81178 | Crypt:3  | Killed a dread lich
 81181 | Crypt:3  | Killed a dread lich
 81430 | Crypt:3  | Found a staircase to the Tomb.
 82783 | Swamp:3  | Killed kthxbai's ghost
 83052 | Pan      | Entered Pandemonium
 83186 | Pan      | Acquired 888 gold pieces
 83249 | Pan      | Noticed Rilom the pandemonium lord
 83270 | Pan      | Killed Rilom the pandemonium lord
 83908 | Pan      | Identified the +3 spear of the Teaching Coward {venom,
                  | Str+6 Dex+3}
 84810 | Pan      | Identified the amulet "Behimiasar" {RegenMP rF+++ rC- rN+
                  | rCorr}
 84813 | Pan      | Identified the +9 trident of Generosity {vorpal, rElec
                  | Will+}
 84832 | Pan      | Got a demonic rune of Zot
 86152 | Pan      | Noticed Fys Sofrael the pandemonium lord
 86173 | Pan      | Killed Fys Sofrael the pandemonium lord
 86297 | Pan      | Noticed Lafitoz the pandemonium lord
 86935 | Pan      | Gained mutation: You are dopey. (Int -2) [a cacodemon]
 86975 | Pan      | Noticed Humuzem the pandemonium lord
 86994 | Pan      | Killed Humuzem the pandemonium lord
 87463 | Pan      | Identified the ring of the Thistle {+Blink AC+4 Int+4}
 87599 | Pan      | Noticed Kinarycor the pandemonium lord
 87606 | Pan      | Killed Kinarycor the pandemonium lord
 87882 | Pan      | Identified the Collected Works on Charming Profane Deeds
 88289 | Pan      | Identified the +8 dagger of the Sun {vamp, rC+ Stlth+}
 88338 | Pan      | Reached skill level 27 in Spellcasting
 88540 | Pan      | Noticed a seraph
 88557 | Pan      | Killed a seraph
 88646 | Pan      | Found a glowing golden altar of the Shining One.
 88680 | Depths:1 | Escaped Pandemonium
 88697 | Pan      | Entered Pandemonium
 88697 | Pan      | Identified the ring "Yduizig" {Fly Int-3 Dex+5}
 88697 | Pan      | Found a runed translucent door.
 88699 | Pan      | Found a runed translucent door.
 88705 | Pan      | Found a runed translucent door.
 88705 | Pan      | Noticed Umiavann the pandemonium lord
 88708 | Pan      | Found a runed translucent door.
 88720 | Pan      | Killed Umiavann the pandemonium lord
 88874 | Pan      | Lost mutation: You are dopey. (Int -2) [potion of mutation]
 88874 | Pan      | Gained mutation: Your system is resistant to poisons.
                  | (rPois) [potion of mutation]
 88874 | Pan      | Gained mutation: Your flesh is heat resistant. (rF+)
                  | [potion of mutation]
 89014 | Pan      | Gained mutation: You are dopey. (Int -2) [a neqoxec]
 89425 | Pan      | Noticed Sisenolu the pandemonium lord
 89440 | Pan      | Killed Sisenolu the pandemonium lord
 89751 | Pan      | Entered the realm of Gloorx Vloq.
 90356 | Pan      | Noticed Gloorx Vloq
 90370 | Pan      | Killed Gloorx Vloq
 90394 | Pan      | Got a dark rune of Zot
 90525 | Pan      | Entered the realm of Mnoleg.
 90738 | Pan      | Gained mutation: Armour fits poorly on your strangely
                  | shaped body. [a neqoxec]
 90740 | Pan      | Lost mutation: You are dopey. (Int -2) [potion of mutation]
 90740 | Pan      | Lost mutation: Armour fits poorly on your strangely shaped
                  | body. [potion of mutation]
 90740 | Pan      | Gained mutation: Your flesh is cold resistant. (rC+)
                  | [potion of mutation]
 91028 | Pan      | Noticed Mnoleg
 91136 | Pan      | Paralysed by a floating eye for 2 turns
 91140 | Pan      | Killed Mnoleg
 91181 | Pan      | Got a glowing rune of Zot
 91273 | Pan      | Found a runed translucent door.
 91599 | Depths:1 | Escaped Pandemonium
 91604 | Pan      | Entered Pandemonium
 91682 | Pan      | Found an exit through the horrors of the Abyss.
 91845 | Pan      | Noticed Fycrosch the pandemonium lord
 91855 | Pan      | Killed Fycrosch the pandemonium lord
 92052 | Pan      | Entered the realm of Cerebov.
 92155 | Pan      | Identified the +7 chain mail of Otarac {Regen+}
 92170 | Pan      | Identified the amulet of Satisfaction {RegenMP Regen+ Str-5
                  | Slay+5}
 92239 | Pan      | Identified the +6 long sword of Turmoil {vorpal, rC- rN++
                  | Will++}
 92298 | Pan      | Identified the +12 mace of Uthruut {drain, Int+6}
 92329 | Pan      | Found the +6 sword of Cerebov {flame}
 92329 | Pan      | Noticed Cerebov
 92345 | Pan      | Killed Cerebov
 92358 | Pan      | Got a fiery rune of Zot
 92670 | Pan      | Found an exit through the horrors of the Abyss.
 93002 | Pan      | Identified the +5 spear "Roqur" {vorpal, MP+9 Str+4}
 93611 | Pan      | Noticed Cushreut the pandemonium lord
 93647 | Pan      | Found an exit through the horrors of the Abyss.
 94025 | Pan      | Killed Cushreut the pandemonium lord
 94152 | Pan      | Entered the realm of Lom Lobon.
 94301 | Pan      | Identified Vystrag's Tractate on Ensnaring Sculpting
 94990 | Pan      | Noticed Lom Lobon
 95013 | Pan      | Killed Lom Lobon
 95033 | Pan      | Got a magical rune of Zot
 95329 | Depths:1 | Escaped Pandemonium
 95347 | Depths:1 | Learned a level 9 spell: Death's Door
 95359 | Depths:1 | Learned a level 9 spell: Chain Lightning
 95546 | Temple   | Entered the Ecumenical Temple
 95990 | Hell     | Entered the Vestibule of Hell
 95991 | Hell     | Noticed Geryon
 96007 | Hell     | Killed Geryon
 96571 | Hell     | Found a gateway to the ashen valley of Gehenna.
 96732 | Hell     | Found a gateway to the Iron City of Dis.
 96841 | Hell     | Found a gateway to the decaying netherworld of Tartarus.
 96933 | Hell     | Found a gateway to the freezing wastes of Cocytus.
 97013 | Coc:1    | Entered Level 1 of Cocytus
 97235 | Coc:4    | Paralysed by a wendigo for 1 turns
 97437 | Coc:5    | Noticed an ancient lich
 97441 | Coc:5    | Killed an ancient lich
 98150 | Coc:7    | Entered Level 7 of Cocytus
 98151 | Coc:7    | Upgraded the game from 0.30-a0-29-g142975f185 to
                  | 0.30-a0-34-gbe8da3892a
 98411 | Depths:3 | Voluntarily entered the Abyss.
 98453 | Depths:3 | Escaped the Abyss
 98498 | Depths:3 | Voluntarily entered the Abyss.
 98499 | Abyss:4  | Found a corrupted altar of Lugonu.
 98694 | Depths:3 | Escaped the Abyss
 98729 | Depths:3 | Voluntarily entered the Abyss.
 98730 | Abyss:4  | Found a corrupted altar of Lugonu.
 98927 | Depths:3 | Escaped the Abyss
 98945 | Depths:3 | Voluntarily entered the Abyss.
 99030 | Depths:3 | Escaped the Abyss
 99430 | Coc:7    | Paralysed by a wendigo for 1 turns
 99494 | Coc:7    | Identified the ring of Hewehun {rF- rC+++ Str-3 Dex+6 SInv}
 99494 | Coc:7    | Identified the ring of Vuusk {rC+ Str+6 Int-3 Stlth+}
100039 | Coc:7    | Paralysed by a wendigo for 1 turns
100331 | Coc:7    | Noticed Antaeus
100346 | Coc:7    | Identified Qoupaxta's Spellbook of the Spider
100633 | Coc:7    | Killed Antaeus
100657 | Coc:7    | Got an icy rune of Zot
101975 | Vaults:5 | Bought a scroll of enchant weapon for 105 gold pieces
101975 | Vaults:5 | Bought a scroll of poison for 56 gold pieces
101975 | Vaults:5 | Bought a scroll of fear for 56 gold pieces
101975 | Vaults:5 | Bought a scroll of teleportation for 42 gold pieces
101975 | Vaults:5 | Bought a scroll of immolation for 56 gold pieces
102234 | Tomb:1   | Entered Level 1 of the Tomb of the Ancients
102237 | Tomb:1   | Noticed a royal mummy
102239 | Tomb:1   | Noticed a royal mummy
102241 | Tomb:1   | Noticed a royal mummy
102248 | Tomb:1   | Noticed a royal mummy
102260 | Tomb:1   | Noticed a royal mummy
102416 | Tomb:1   | Noticed a royal mummy
102468 | Tomb:1   | Noticed a royal mummy
102480 | Tomb:1   | Noticed a royal mummy
102521 | Tomb:1   | Noticed Boris
102533 | Tomb:1   | Killed Boris
102613 | Tomb:1   | Noticed a royal mummy
102615 | Tomb:1   | Noticed a royal mummy
102640 | Tomb:1   | Noticed a royal mummy
102645 | Tomb:1   | Killed a royal mummy
102647 | Tomb:1   | Killed a royal mummy
102923 | Tomb:1   | Found the +14 obsidian axe {vorpal, Mesm Drain Fly SInv}
103240 | Tomb:2   | Noticed a royal mummy
103242 | Tomb:2   | Noticed a royal mummy
103242 | Tomb:2   | Noticed a royal mummy
103245 | Tomb:2   | Killed a royal mummy
103245 | Tomb:2   | Noticed a royal mummy
103247 | Tomb:2   | Killed a royal mummy
103248 | Tomb:2   | Killed a royal mummy
103249 | Tomb:2   | Killed a royal mummy
103711 | Tomb:3   | Entered Level 3 of the Tomb of the Ancients
103746 | Tomb:3   | Noticed a royal mummy
103747 | Tomb:3   | Noticed a royal mummy
103748 | Tomb:3   | Noticed a royal mummy
103750 | Tomb:3   | Noticed a royal mummy
103752 | Tomb:3   | Noticed a royal mummy
103752 | Tomb:3   | Noticed a royal mummy
103754 | Tomb:3   | Noticed a royal mummy
103761 | Tomb:3   | Killed a royal mummy
103765 | Tomb:3   | Noticed a royal mummy
103787 | Tomb:3   | Killed a royal mummy
103802 | Tomb:3   | Killed a royal mummy
103811 | Tomb:3   | Noticed a royal mummy
104092 | Tomb:3   | Identified the Precepts of Creative Moulding
104101 | Tomb:3   | Killed a royal mummy
104117 | Tomb:3   | Killed a royal mummy
104123 | Tomb:3   | Killed a royal mummy
104123 | Tomb:3   | Killed a royal mummy
104123 | Tomb:3   | Killed a royal mummy
104126 | Tomb:3   | Killed a royal mummy
104236 | Tomb:3   | Got a golden rune of Zot
104429 | Tomb:3   | Identified the ring "Circhausm" {Wiz Str+4 Dex+7}
105161 | Zig:1    | Entered Level 1 of a ziggurat
105194 | Zig:2    | Entered Level 2 of a ziggurat
105198 | Zig:2    | Identified the +1 pair of boots of Philately {rF+ Stlth+}
105229 | Zig:3    | Entered Level 3 of a ziggurat
105231 | Zig:3    | Identified the +10 short sword of Kattoeha {venom, rF+ rC+
                  | rCorr}
105232 | Zig:3    | Noticed a juggernaut
105232 | Zig:3    | Noticed a juggernaut
105236 | Zig:3    | Killed a juggernaut
105240 | Zig:3    | Killed a juggernaut
105329 | Zig:4    | Entered Level 4 of a ziggurat
105331 | Zig:4    | Identified the +8 great mace "Medoit" {freeze, Dex+4
                  | Stlth+}
105332 | Zig:4    | Paralysed by an air elemental for 1 turns
105399 | Zig:5    | Entered Level 5 of a ziggurat
105487 | Zig:6    | Entered Level 6 of a ziggurat
105495 | Zig:6    | Noticed Fablayr the pandemonium lord
105495 | Zig:6    | Found the +1 cloak of Starlight {*Dazzle EV+4 Stlth--}
105495 | Zig:6    | Identified the +11 falchion of Revolt {vorpal, rC++ rCorr}
105507 | Zig:6    | Killed Fablayr the pandemonium lord
105611 | Zig:7    | Entered Level 7 of a ziggurat
105615 | Zig:7    | Noticed Luxycw the pandemonium lord
105622 | Zig:7    | Killed Luxycw the pandemonium lord
105792 | Zig:8    | Entered Level 8 of a ziggurat
105795 | Zig:8    | Noticed a royal mummy
105801 | Zig:8    | Killed a royal mummy
105803 | Zig:8    | Identified the +1 plate armour "Muoshryol" {rPois rF++
                  | Will- SInv}
105926 | Zig:9    | Entered Level 9 of a ziggurat
106019 | Zig:9    | Identified the +8 shadow dragon scales of Heojiu {Rampage
                  | rF+ rC+ Stlth++++}
106019 | Zig:9    | Identified the Spellbook of Direction and the Oath
106297 | Zig:10   | Entered Level 10 of a ziggurat
106305 | Zig:10   | Identified the Tractate on Frigorific Transfiguration
106305 | Zig:10   | Identified the +3 ring mail "Ruyz" {Int+4 Dex+3 Stlth+}
106412 | Zig:11   | Entered Level 11 of a ziggurat
106416 | Zig:11   | Noticed a juggernaut
106422 | Zig:11   | Identified the +4 dagger of Agony {vorpal, Dex+2}
106422 | Zig:11   | Identified the +5 shortbow of Wyemmob {speed, rF- rN+
                  | Will+}
106422 | Zig:11   | Identified the ring of Xuskix {rC- MP+9 Str+6 Int-3 SInv}
106424 | Zig:11   | Killed a juggernaut
106580 | Zig:12   | Entered Level 12 of a ziggurat
106591 | Zig:12   | Noticed a dread lich
106594 | Zig:12   | Killed a dread lich
106712 | Zig:13   | Entered Level 13 of a ziggurat
106839 | Zig:13   | Identified the +3 glaive of Omiygac {drain, Str+3}
106840 | Zig:13   | Identified the ring "Intitrei" {rC+ Str+6 Int+5}
106858 | Zig:13   | Reached skill level 27 in Invocations
106891 | Zig:14   | Entered Level 14 of a ziggurat
106925 | Zig:14   | Identified the +4 shortbow of Nawyngiw {flame, Str-5 Dex+5}
107102 | Zig:14   | Acquired 568 gold pieces
107116 | Zig:15   | Entered Level 15 of a ziggurat
107343 | Zig:16   | Entered Level 16 of a ziggurat
107354 | Zig:16   | Identified the +7 scimitar of Fuawn {vorpal, rPois rC-
                  | Str+2 Int+5}
107354 | Zig:16   | Identified The Intricacies of Theurgy
107453 | Zig:17   | Entered Level 17 of a ziggurat
107474 | Zig:17   | Reached skill level 27 in Polearms
107474 | Zig:17   | Identified the +7 chain mail of Xoevev {MP+9 Str+5 Int-2}
107624 | Zig:17   | Identified the +1 ring mail "Kaxka" {Drain rPois rF+ rN+}
107663 | Zig:18   | Entered Level 18 of a ziggurat
107677 | Zig:18   | Identified Rain's Vellum of the Spider and Embers
107677 | Zig:18   | Found the +10 tower shield of Ignorance {rN+ Int-4}
107892 | Zig:19   | Entered Level 19 of a ziggurat
107895 | Zig:19   | Paralysed by a floating eye for 4 turns
107927 | Zig:19   | Identified the +6 flail of Cowardice {vorpal, rN+ MP+9
                  | Str+2}
107928 | Zig:19   | Identified the +5 mace of Elu Ziku {antimagic, *Corrode rF+
                  | rN+++ Stlth+}
107928 | Zig:19   | Identified the +6 trident of Boiss {antimagic, +Blink rC++
                  | Dex+3}
107928 | Zig:19   | Identified the +11 short sword "Myometiv" {vorpal, rCorr}
108062 | Zig:20   | Entered Level 20 of a ziggurat
108077 | Zig:20   | Identified the +6 halberd "Woitucve" {drain, rElec rC+
                  | Dex+4}
108077 | Zig:20   | Found the +3 pair of seven-league boots {Rampage+∞}
108077 | Zig:20   | Identified the +0 ring mail of Bul Bowe {Harm}
108077 | Zig:20   | Identified the ring "Ogudgh" {rF+ Str+2}
108078 | Zig:20   | Identified the +4 bardiche "Lyrenofo" {flame, Int+3}
108078 | Zig:20   | Identified the +6 war axe "Jodikk" {vorpal, rN+ rCorr Int-4
                  | Dex+9 Stlth+}
108078 | Zig:20   | Found the +2 shield of Resistance {rF++ rC++ Will++}
108087 | Zig:20   | Identified the +10 whip "Ziseiz" {freeze, rElec rPois}
108275 | Zig:21   | Entered Level 21 of a ziggurat
108291 | Zig:21   | Reached skill level 27 in Maces & Flails
108432 | Zig:21   | Identified the ring "Paseloac" {rPois rF+ Int+2}
108432 | Zig:21   | Identified the +1 robe of Morality {Str+4 Int+3}
108434 | Zig:21   | Identified the +4 chain mail of a Million People {-Tele
                  | rN+++ Str+3 Stlth-}
108456 | Zig:21   | Identified the +7 mace "Bucumo Koet" {vorpal, rC+ Int+6
                  | Dex+4}
108503 | Zig:22   | Entered Level 22 of a ziggurat
108541 | Zig:22   | Reached skill level 27 in Fire Magic
108564 | Zig:22   | Found the +12 pair of quick blades "Gyre" and "Gimble"
                  | {protect}
108564 | Zig:22   | Identified the amulet "Quckischomm" {Reflect Str+3 Int+2
                  | SH+5 SInv}
108566 | Zig:22   | Identified the +5 chain mail "Lafiy" {Str+6 Int+2 SInv}
108566 | Zig:22   | Identified Sif Muna's Papyrus of Summoning
108771 | Zig:22   | Upgraded the game from 0.30-a0-34-gbe8da3892a to
                  | 0.30-a0-39-g42789b21ef
108772 | Zig:23   | Entered Level 23 of a ziggurat
108791 | Zig:23   | Identified the +8 great sword of Iconoclasm {venom, Contam
                  | rPois rF+ rN+++}
108792 | Zig:23   | Identified the +5 battleaxe of Linearity {vorpal, rN+ Will+
                  | Stlth+}
108978 | Zig:24   | Entered Level 24 of a ziggurat
108992 | Zig:24   | Reached skill level 27 in Axes
108992 | Zig:24   | Reached skill level 27 in Dodging
109001 | Zig:24   | Identified the +6 ring mail "Tenez" {rElec Str+4 Int+4}
109002 | Zig:24   | Identified the -2 pair of gloves of Weus {MP+9 Int+3}
109002 | Zig:24   | Identified the +7 hand axe "Yfiloh" {flame, rF- Int+4
                  | Stlth+}
109002 | Zig:24   | Identified the +1 helmet of Oblivion {rElec Dex+2}
109002 | Zig:24   | Found the dreamshard necklace {*Dream Drain}
109002 | Zig:24   | Identified the ring "Ihacej" {rN++ Dex-3 SInv}
109005 | Zig:24   | Identified the amulet "Vitsos" {Spirit +Inv rF+++ Str-3
                  | Dex-2}
109244 | Zig:25   | Entered Level 25 of a ziggurat
109255 | Zig:25   | Reached skill level 27 in Throwing
109255 | Zig:25   | Reached skill level 27 in Armour
109266 | Zig:25   | Reached skill level 27 in Short Blades
109266 | Zig:25   | Reached skill level 27 in Long Blades
109266 | Zig:25   | Reached skill level 27 in Staves
109266 | Zig:25   | Reached skill level 27 in Ranged Weapons
109266 | Zig:25   | Reached skill level 27 in Stealth
109266 | Zig:25   | Reached skill level 27 in Shields
109266 | Zig:25   | Reached skill level 27 in Unarmed Combat
109266 | Zig:25   | Reached skill level 27 in Evocations
109278 | Zig:25   | Identified the +6 short sword "Orb Guardian's Doom"
                  | {protect, rPois rN+ Str+2}
109281 | Zig:25   | Identified the +1 leather armour of Kyicimor {rF+ rN++
                  | MP-9}
109519 | Zig:26   | Entered Level 26 of a ziggurat
109721 | Zig:26   | Identified the +7 great sword "Nuwnoplu" {vorpal, rC+
                  | rCorr}
109737 | Zig:26   | Identified the +6 shortbow of the Pure Lies {freeze, rPois
                  | rCorr MP+9 Dex+4}
109856 | Zig:27   | Entered Level 27 of a ziggurat
109888 | Zig:27   | Paralysed by accursed screaming for 2 turns
109903 | Zig:27   | Identified the +2 flail "Wemeta" {vamp, Int+4 Dex+2}
109906 | Zig:27   | Identified the +6 morningstar "Gifynkil" {vorpal, rElec
                  | Int+3}
109906 | Zig:27   | Identified the +7 quarterstaff "Gram" {flame, rF+ Int+2
                  | Stlth+}
109906 | Zig:27   | Identified the +4 plate armour of the Slightly Bent {SInv}
109906 | Zig:27   | Identified the +2 hand axe "Wuocomul" {vorpal, Will+}
109906 | Zig:27   | Identified the +1 robe of Miracles {Dex+4}
110178 | Geh:1    | Entered Level 1 of Gehenna
110268 | Depths:1 | Voluntarily entered the Abyss.
110563 | Abyss:4  | Paralysed by accursed screaming for 1 turns
110671 | Depths:1 | Escaped the Abyss
110739 | Depths:1 | Voluntarily entered the Abyss.
110867 | Abyss:4  | Reached skill level 27 in Air Magic
111015 | Depths:1 | Escaped the Abyss
111068 | Depths:1 | Voluntarily entered the Abyss.
111205 | Depths:1 | Escaped the Abyss
111486 | Geh:3    | Gained mutation: You occasionally lose the ability to read
                  | scrolls when taking damage. [mutagenic glow]
111494 | Geh:4    | Gained mutation: You are weak. (Str -2) [mutagenic glow]
111518 | Geh:4    | Lost mutation: You are weak. (Str -2) [potion of mutation]
111518 | Geh:4    | Lost mutation: Your system is resistant to poisons. (rPois)
                  | [potion of mutation]
111518 | Geh:4    | Gained mutation: Your body sometimes deteriorates upon
                  | taking damage. [potion of mutation]
111518 | Geh:4    | Gained mutation: You are robust. (+10% HP) [potion of
                  | mutation]
111518 | Geh:4    | Gained mutation: You have sharp toenails. [potion of
                  | mutation]
111998 | Geh:7    | Entered Level 7 of Gehenna
112484 | Geh:7    | Noticed the Serpent of Hell
112499 | Geh:7    | Killed the Serpent of Hell
112662 | Geh:7    | Identified the +6 rapier of Uvvucisela {flame, rF+ rCorr}
112663 | Geh:7    | Identified the +10 morningstar of Instant Death {freeze,
                  | MP+9 Str+2}
112663 | Geh:7    | Identified the Compilation of the Searing Spider
112771 | Geh:7    | Reached skill level 27 in Translocations
112813 | Geh:7    | Found the +7 sceptre of Asmodeus
112813 | Geh:7    | Noticed Asmodeus
112832 | Geh:7    | Killed Asmodeus
112855 | Geh:7    | Identified the +11 rapier of Ubiquitous True Grit
                  | {antimagic, *Corrode rC++}
112856 | Geh:7    | Identified the +3 glaive "Ixiosiap" {freeze, Int+5}
112856 | Geh:7    | Identified the Writings on Quantum Glaciation
112856 | Geh:7    | Identified the Catalogue of Venin
112856 | Geh:7    | Identified the ring "Voyrurhu" {Will+ AC+4}
112963 | Geh:7    | Got an obsidian rune of Zot
113282 | Tar:1    | Entered Level 1 of Tartarus
114457 | Tar:7    | Entered Level 7 of Tartarus
114682 | Tar:7    | Killed from afar by a Tzitzimitl

Illustrated notes

Levels and vault maps discovered:
D:1:      psy_arrival_dodecagon, layout_basic
D:2:      layout_basic, basic_altar, roderic_roman_lattice, serial_park_tiny_2
D:3:      layout_rooms, grunt_ministairs_7, minmay_misc_feat_square
D:4:      layout_cave_pools
D:5:      layout_cave_pods
D:6:      layout_basic, minmay_misc_feat_nine_boxes
D:7:      layout_rooms, minmay_temple_entry_glassed_door,
          minmay_misc_feat_plants, uniq_joseph, uniq_pikel, uniq_prince_ribbit1
D:8:      layout_basic, kiku_gazebo_garden_becter, lair_entry_dummy
D:9:      minmay_the_grid_square_5x5_3x3 [minmay_the_grid_square_5x5_shrine2,
          minmay_the_grid_square_5x5_tetrominoes,
          minmay_the_grid_square_5x5_two, minmay_the_grid_square_5x5_empty,
          minmay_the_grid_square_5x5_megaprize_crossed,
          minmay_the_grid_square_5x5_inverted_slash,
          minmay_the_grid_square_5x5_tri_point,
          minmay_the_grid_square_5x5_sharp_hourglass,
          minmay_the_grid_square_5x5_broken_cross], layout_basic,
          overflow_temple_1_default, special_room [special_room_kobold],
          dreamdust_princess_corridor, uniq_erolcha
D:10:     layout_loops_cross, hiddenorc1_lemuel, grunt_tough_drop, uniq_fannar
D:11:     layout_loops_ring, portal_ice_cave_entry_ice_simulacra
D:12:     layout_cave_pools, nicolae_concentric_dashed_squares_mild,
          grunt_ministairs_9
D:13:     layout_irregular_city, ebering_ghost_inner_flame
D:14:     layout_roguey, erik_vaults_2, serial_bayou_pond_b, uniq_josephine
D:15:     gammafunk_enter_depths_forms, layout_rooms, hangedman_decor_opposing,
          chequers_serial_rivers_micro_b
Temple:   mainiacjoe_temple_cubbyholes
Lair:1:   layout_long_grid, tgw_fedhas
Lair:2:   layout_regular_city, swamp_mist_pool, infiniplex_staircase_pool_2,
          grunt_megastairs_2, uniq_maggie
Lair:3:   layout_regular_city, minmay_snake_entry_guardpost_small,
          infiniplex_staircase_pool
Lair:4:   layout_misc_corridors, slime_entry_1, grunt_megastairs_5
Lair:5:   gammafunk_lair_ancient_temple, layout_regular_city,
          serial_bayou_ford_a, serial_bayou_shore_a
Swamp:1:  layout_falls_marsh, evilmike_swamp_ruin_house_4
Swamp:2:  layout_basic_swamp, hangedman_swamp_pad
Swamp:3:  layout_falls_marsh, ebering_ghost_rock_garden, serial_swamp_ruin,
          evilmike_swamp_ruin_rubble_1, evilmike_swamp_ruin_rubble_2,
          evilmike_swamp_ruin_house_3
Swamp:4:  swamp_alternative, layout_basic_swamp
Snake:1:  layout_concentric_octagons, serial_shops, nicolae_shop_hallway_plus,
          shop_fountains, shop_statue, nicolae_snake_squiggles,
          nicolae_snake_slithery_hallway
Snake:2:  layout_cave_pods, hangedman_venom_bottle, nicolae_integral_box,
          uniq_nikola
Snake:3:  layout_grid_shapes, uniq_aizul
Snake:4:  grunt_snake_rune_pools, layout_cave_town, ebering_ghost_xom,
          lemuel_fruit_tree, minmay_shop_star, uniq_roxanne
Slime:1:  layout_caves, cheibrodos_slime_lost_civilization_7
Slime:2:  layout_caves
Slime:3:  layout_caves, cheibrodos_slime_lost_civilization_4
Slime:4:  layout_caves
Slime:5
Orc:1:    layout_caves, mines3_lemuel
Orc:2:    pubby_orc_utopia
Elf:1:    eino_elf_arrival_altar, layout_onion_city, serial_shops, shop_statue,
          evilmike_minifort, hex_large, palyth_stone_intersect,
          serial_sigils_hangedman_leer, minivault_16, nrook_loot_triangle,
          serial_sigils_hangedman_scratch, nrook_mini_backslash
Elf:2:    nicolae_elf_blades_splatter_lattice [mumra_blade_entry_bloodbath],
          layout_rooms, serial_shops, shop, nicolae_shop_crystal, shop
Elf:3:    grunt_elf_hall_asides, layout_geoelf_castle, gammafunk_ghost_arena,
          minivault_25_ag, uniq_louise, uniq_bai_suzhen
Vaults:1: vaults_mumra_minichess_inversion, nicolae_vaults_shelves_hall,
          v_alt_pattern_6, v_misc_24, nicolae_vaults_what_the_h,
          nicolae_vaults_alarming, vaults_standard_mumra_x, vaults_room_pool,
          ontoclasm_vaults_shuriken, vaults_room_pools, st_spiral_rooms,
          nicolae_vaults_little_squares_5, v_misc_22, layout_vaults_omnibox
Vaults:2: hangedman_vaults_pinch, st_quartered_hall, v_alt_pattern_1,
          nicolae_vaults_border_crossing, v_misc_10, v_alt_pattern_4,
          layout_vaults_quadrants
Vaults:3: minmay_crypt_entry_skeletal_spiral, v_misc_9, vaults_mumra_hexcomb,
          ontoclasm_vaults_fault, nicolae_vaults_yaktaur_gun_rack,
          nicolae_vaults_little_squares_3, hangedman_vaults_maws, serial_ice_g,
          layout_vaults_big_room
Vaults:4: mu_enter_wizlab_6, vaults_standard_mumra_lines,
          hangedman_vaults_snaps, nicolae_vaults_inception_statues,
          v_alt_pattern_6, nicolae_vaults_circle_grid_a, v_rooms_6,
          vaults_room_ringed_pool, v_misc_10, vaults_dpeg_cross,
          ontoclasm_vaults_idyll, v_misc_13, dpeg_vaults_monster_box,
          layout_vaults_omnicross, serial_shops,
          nicolae_shop_temple_entry_statues_fountains
Vaults:5: serial_shops, uniq_saint_roka
Crypt:1:  gammafunk_its_a_trap, layout_misc_corridors,
          grunt_crypt_arrival_split, uniq_boris
Crypt:2:  layout_catacombs, st_stairs_1, uniq_mennas, uniq_donald
Crypt:3:  david_glass_crypt, layout_chaotic_city,
          nicolae_tomb_entry_unfolded_pyramid_diagonal, minivault_14
Tomb:1
Tomb:2
Tomb:3
Depths:1: layout_honeycomb, hangedman_abyss_entry_splay, hell_entry,
          serial_shops, shop_coins, chequers_serial_rivers_room_a,
          rand_demon_pan_entry_5, amcnicky_mini_corridor_feature,
          hangedman_eye_storm, minmay_shop_grove
Depths:2: minmay_triangles_in_corner, layout_gridlike,
          nicolae_hell_entry_hellmouth_sunbeams, pan_entry, special_room
          [special_room_morgue], kennysheep_random_hallway,
          infiniplex_staircase_split_hallway
Depths:3: kennysheep_gozag_temple, layout_basic, pf_coc_iceberg,
          abyss_entry_small_statue_room, grunt_pan_entry_sceptre,
          minmay_misc_feat_five, grunt_potential
Depths:4: hangedman_spin_cycle, hell_entry
Hell
Geh:1:    layout_gehenna_pools_triple
Geh:2:    layout_gehenna_lava_caves
Geh:3:    layout_gehenna_pools_box
Geh:4:    layout_gehenna_pools_triple
Geh:5:    layout_gehenna_pools_box
Geh:6:    layout_gehenna_pools_basic
Geh:7:    geh_mu
Coc:1:    layout_cocytus_delve
Coc:2:    layout_cocytus_water_paths, nicolae_hells_seeping_fissure
Coc:3:    layout_cocytus_water_paths
Coc:4:    layout_cocytus_delve, nicolae_coc_icebean_singular
          [nicolae_sub_coc_subbean]
Coc:5:    layout_cocytus_water_paths
Coc:6:    layout_ice_bergs
Coc:7:    coc_mu
Tar:1:    layout_cathedral_of_symmetry
Tar:2:    layout_catacombs, nicolae_tar_cuneiform_two
Tar:3:    layout_cathedral_of_symmetry
Tar:4:    layout_cathedral_of_symmetry
Tar:5:    layout_grid_maze
Tar:6:    layout_grid_maze, nicolae_tar_just_some_guys
Tar:7:    tar_minmay_river
Zot:1:    dreamdust_black_sun_cult, layout_gridlike
Zot:2:    layout_onion, drop_trap, st_stairs_4, uniq_tiamat
Zot:3:    layout_onion
Zot:4:    kennysheep_bubbly, layout_misc_corridors, grunt_ministairs_15,
          nicolae_shop_clearance
Zot:5:    layout_gridlike, gammafunk_ghost_necromancy

Skill      XL: |  1  2  3  4  5  6  7  8  9 10 11 12 13 14 15 16 17 18 19 20 21 22 23 24 25 26 27 |
---------------+----------------------------------------------------------------------------------+-----
Spellcasting   | 5 6 7 8 9 10 11 12 13 14 15 16 18 19 20 21 22 27 | 27.0
Invocations    | 1 2 3 4 5 6 7 8 9 10 11 12 13 14 15 16 17 18 19 20 27 | 27.0
Short Blades   | 1 2 3 4 5 6 7 8 9 10 11 12 13 14 15 16 17 18 27 | 27.0
Long Blades    | 1 2 3 4 5 6 7 8 9 10 11 12 13 14 15 16 17 18 27 | 27.0
Maces & Flails | 1 2 3 4 5 6 7 8 9 10 11 12 13 14 15 16 17 18 27 | 27.0
Polearms       | 1 2 3 4 5 6 7 8 9 10 11 12 13 14 15 16 17 18 27 | 27.0
Staves         | 1 2 3 4 5 6 7 8 9 10 11 12 13 14 15 16 17 18 27 | 27.0
Ranged Weapons | 1 2 3 4 5 6 7 8 9 10 11 12 13 14 15 16 17 18 27 | 27.0
Stealth        | 1 2 3 4 5 6 7 8 9 10 11 12 13 14 15 16 17 18 27 | 27.0
Shields        | 1 2 3 4 5 6 7 8 9 10 11 12 13 14 15 16 17 18 27 | 27.0
Unarmed Combat | 1 2 3 4 5 6 7 8 9 10 11 12 13 14 15 16 17 18 27 | 27.0
Evocations     | 1 2 3 4 5 6 7 8 9 10 11 12 13 14 15 16 17 18 27 | 27.0
Conjurations   | 1 2 3 4 5 6 7 8 9 10 11 12 13 14 15 26 | 26.3
Hexes          | 1 2 3 4 5 6 7 8 9 10 11 12 13 14 15 26 | 26.3
Summonings     | 1 2 3 4 5 6 7 8 9 10 11 12 13 14 15 26 | 26.3
Necromancy     | 1 2 3 4 5 6 7 8 9 10 11 12 13 14 15 26 | 26.3
Transmutations | 1 2 3 4 5 6 7 8 9 10 11 12 13 14 15 26 | 26.3
Fire Magic     | 1 2 3 4 5 6 7 8 9 10 11 12 13 14 15 27 | 27.0
Ice Magic      | 1 2 3 4 5 6 7 8 9 10 11 12 13 14 15 26 | 26.3
Air Magic      | 1 2 3 4 5 6 7 8 9 10 11 12 13 14 15 27 | 27.0
Earth Magic    | 1 2 3 4 5 6 7 8 9 10 11 12 13 14 15 26 | 26.3
Poison Magic   | 1 2 3 4 5 6 7 8 9 10 11 12 13 14 15 26 | 26.3
Throwing       | 3 4 5 6 7 8 9 10 11 12 13 14 15 16 17 18 27 | 27.0
Armour         | 3 4 5 6 7 8 9 10 11 12 13 14 15 16 17 18 27 | 27.0
Fighting       | 5 6 7 8 10 11 13 14 15 16 17 18 19 20 21 22 23 24 27 | 27.0
Axes           | 5 6 7 8 9 10 11 12 13 14 15 16 17 18 19 27 | 27.0
Dodging        | 5 6 7 8 9 10 11 12 13 14 15 16 17 18 19 27 | 27.0
Translocations | 6 7 8 9 10 11 12 13 14 15 16 27 | 27.0

Action                   |  1- 3 |  4- 6 |  7- 9 | 10-12 | 13-15 | 16-18 | 19-21 | 22-24 | 25-27 || total
-------------------------+-------+-------+-------+-------+-------+-------+-------+-------+-------++-------
Melee: Hand axe          |   114 |   153 |   164 |       |       |       |       |       |       ||   431
       Bite              |    11 |    12 |    27 |   137 |    71 |    19 |   105 |   210 |  1189 ||  1781
       Trident           |       |       |   104 |   844 |   474 |   146 |       |       |       ||  1568
       Staff             |       |       |       |    12 |       |       |       |       |       ||    12
       Whip              |       |       |       |    38 |       |       |       |       |       ||    38
       Unarmed           |       |       |       |       |       |     6 |       |       |    12 ||    18
       War axe           |       |       |       |       |       |     6 |       |       |       ||     6
       Eveningstar       |       |       |       |       |       |     1 |   496 |       |       ||   497
       Broad axe         |       |       |       |       |       |       |   168 |  1040 |  5883 ||  7091
 Fire: Sling             |       |       |    10 |    53 |       |       |       |       |       ||    63
Throw: Dart              |       |    22 |    39 |    43 |    18 |     2 |       |       |       ||   124
       Boomerang         |       |     7 |     6 |   171 |    65 |     2 |    30 |       |   109 ||   390
 Cast: Blink             |       |     1 |     2 |     6 |    29 |    32 |     5 |     4 |    33 ||   112
       Lesser Beckoning  |       |     1 |     1 |     4 |       |       |     1 |     2 |    33 ||    42
       Ozocubu's Armour  |       |       |     4 |    36 |     3 |       |       |       |       ||    43
       Olgreb's Toxic Ra |       |       |       |    49 |   149 |    69 |     7 |       |     2 ||   276
       Manifold Assault  |       |       |       |     3 |       |     1 |       |       |       ||     4
       Airstrike         |       |       |       |     5 |       |    21 |       |       |     8 ||    34
       Animate Armour    |       |       |       |       |   105 |    63 |     5 |    14 |     6 ||   193
       Iron Shot         |       |       |       |       |     3 |     7 |   165 |    70 |   506 ||   751
       Simulacrum        |       |       |       |       |    42 |    94 |       |     2 |       ||   138
       Fireball          |       |       |       |       |     6 |     8 |    13 |       |       ||    27
       Summon Cactus Gia |       |       |       |       |       |    56 |     5 |     2 |       ||    63
       Blade Hands       |       |       |       |       |       |     1 |       |       |       ||     1
       Borgnjor's Vile C |       |       |       |       |       |    97 |   177 |    40 |   267 ||   581
       Ignition          |       |       |       |       |       |     1 |    21 |    65 |   292 ||   379
       Haunt             |       |       |       |       |       |       |    30 |     3 |    29 ||    62
       Sublimation of Bl |       |       |       |       |       |       |       |     1 |   152 ||   153
       Freezing Cloud    |       |       |       |       |       |       |       |     1 |    23 ||    24
       Passage of Golubr |       |       |       |       |       |       |       |       |    34 ||    34
       Necromutation     |       |       |       |       |       |       |       |       |   118 ||   118
       Infestation       |       |       |       |       |       |       |       |       |   104 ||   104
       Enfeeble          |       |       |       |       |       |       |       |       |    60 ||    60
       Chain Lightning   |       |       |       |       |       |       |       |       |    29 ||    29
Invok: Curse Item        |       |     4 |     1 |     5 |     4 |       |     4 |     2 |     4 ||    24
       Shatter the Chain |       |       |     1 |     2 |     1 |     2 |     3 |     2 |     4 ||    15
Evoke: Wand              |       |       |     8 |    11 |     4 |     3 |     4 |     3 |    23 ||    56
       Box of beasts     |       |       |       |     1 |       |     1 |     2 |       |    20 ||    24
       Tin of tremorston |       |       |       |     1 |       |       |       |       |     3 ||     4
       Condenser vane    |       |       |       |       |       |     1 |     1 |       |    13 ||    15
       Horn of Geryon    |       |       |       |       |       |       |       |       |    17 ||    17
       Phantom mirror    |       |       |       |       |       |       |       |       |     6 ||     6
       Lightning rod     |       |       |       |       |       |       |       |       |     5 ||     5
       Phial of floods   |       |       |       |       |       |       |       |       |     5 ||     5
  Use: Scroll            |       |     6 |     2 |     9 |     8 |    12 |    10 |     8 |    57 ||   112
       Potion            |       |       |       |     8 |     3 |    12 |    16 |     1 |    60 ||   100
 Stab: Sleeping          |       |     2 |     3 |     1 |     1 |     2 |     9 |    12 |     1 ||    31
       Distracted        |       |       |       |       |     4 |     2 |     3 |     3 |    33 ||    45
       Invisible         |       |       |       |       |     3 |       |     2 |       |    22 ||    27
       Paralysed         |       |       |       |       |       |     3 |       |       |       ||     3
       Confused          |       |       |       |       |       |     2 |       |       |     1 ||     3
Armor: Leather armour    |    37 |    47 |    57 |   120 |       |       |       |       |       ||   261
       Chain mail        |       |       |       |   326 |   208 |   114 |   177 |   251 |       ||  1076
       Gold dragon scale |       |       |       |       |       |       |       |    74 |  2281 ||  2355
       Shadow dragon sca |       |       |       |       |       |       |       |       |   194 ||   194
Dodge: Dodged            |    74 |    99 |   151 |   438 |   190 |   117 |   200 |   268 |  1703 ||  3240
Block: Buckler           |       |    22 |    61 |   233 |   128 |    78 |       |       |       ||   522
       Tower shield      |       |       |       |       |       |     4 |   677 |   781 |  5615 ||  7077

Table legend: (Time is in decaauts)
 A = Elapsed time spent in this place.
 B = Non-inter-level travel time spent in this place.
 C = Inter-level travel time spent in this place.
 D = Time resting spent in this place.
 E = Time spent auto-exploring this place.
 F = Levels seen in this place.
 G = Mean time per level.
                   A        B        C        D        E       F      G
               +--------+--------+--------+--------+--------+-----+--------+
         Total | 113130 | 103345 |   9785 |  17418 |  43397 | 148 |  764.4 |
       Dungeon |  21128 |  17783 |   3345 |   2312 |   9985 |  15 | 1408.5 |
        Temple |    276 |    226 |     50 |      0 |    220 |   1 |  276.0 |
          Lair |   5818 |   4975 |    843 |    353 |   3685 |   5 | 1163.6 |
         Swamp |   4871 |   4499 |    372 |   1310 |   1961 |   4 | 1217.8 |
     Snake Pit |   7696 |   7438 |    258 |   1657 |   3179 |   4 | 1924.0 |
    Slime Pits |   3180 |   2845 |    335 |    304 |   1953 |   5 |  636.0 |
  Orcish Mines |   3971 |   3790 |    181 |    297 |   2572 |   2 | 1985.5 |
   Elven Halls |   7996 |   7685 |    311 |   1857 |   3481 |   3 | 2665.3 |
        Vaults |   9006 |   7829 |   1177 |    962 |   3557 |   5 | 1801.2 |
         Crypt |   3682 |   3206 |    476 |    360 |   1546 |   3 | 1227.3 |
          Tomb |   2567 |   2308 |    259 |    387 |    589 |   3 |  855.7 |
        Depths |   7858 |   6378 |   1480 |   1367 |   2604 |   4 | 1964.5 |
          Hell |    908 |    739 |    169 |     78 |    324 |   1 |  908.0 |
       Gehenna |   1815 |   1735 |     80 |    364 |     72 |   7 |  259.3 |
       Cocytus |   3115 |   2989 |    126 |    823 |    450 |   7 |  445.0 |
      Tartarus |   1278 |   1278 |      0 |    254 |    169 |   7 |  182.6 |
           Zot |   5904 |   5586 |    318 |    872 |   2412 |   5 | 1180.8 |
         Abyss |   3523 |   3523 |      0 |    176 |     23 |  17 |  207.2 |
   Pandemonium |  11664 |  11664 |      0 |   2090 |   1584 |  21 |  555.4 |
      Ziggurat |   4728 |   4728 |      0 |    570 |   2733 |  27 |  175.1 |
      Ice Cave |   1260 |   1260 |      0 |    842 |      0 |   1 | 1260.0 |
        Wizlab |    875 |    875 |      0 |    181 |    293 |   1 |  875.0 |
               +--------+--------+--------+--------+--------+-----+--------+

Top non-repeatable levels by time:
     D:9: 3451 daAuts
   Orc:2: 3097 daAuts
   Elf:3: 2969 daAuts
 Snake:4: 2957 daAuts
   Elf:1: 2861 daAuts
Depths:1: 2720 daAuts
Vaults:2: 2334 daAuts
     D:8: 2331 daAuts
 Swamp:3: 2270 daAuts
   Zot:5: 2185 daAuts
   Elf:2: 2165 daAuts
 Snake:2: 2012 daAuts
 Abyss:4: 2012 daAuts
    D:10: 1972 daAuts
Depths:2: 1908 daAuts
